Workbook
Name TypeIntervention: [1]Lists!$B$57:$B$59

Sheet M2 -Herramienta de evaluación
B1: HERRAMIENTA DE EVALUACIÓN DE LA INTEGRACIÓN DE LA PERSPECTIVA DE GÉNERO
B2: Objetivo: Esta evaluación le ayudará a comprender el nivel de integración de la perspectiva de género en su organización y le permitirá descubrir áreas de mejora. Instrucciones: 1) Hay 10 secciones en esta evaluación, que cubren 3 áreas principales de la organización: i) diversidad del personal y del liderazgo, ii) producto o servicio con perspectiva de género, y iii) diversidad y equidad en la cadena de suministro. 2) Para cada pregunta, hay 5 u 8 respuestas posibles para elegir. Elija la opción que mejor refleje la situación de su organización o, si considera que ninguna de las opciones es aplicable a su organización, elija "No aplicable". 3) Para seleccionar una respuesta, introduzca una "X" manualmente o utilizando el menú desplegable: Por favor, seleccione únicamente una respuesta 4) Una vez que haya respondido a todas las preguntas, diríjase a la página "M2 - Resultados de la evaluación" para consultar el nivel actual de integración de la perspectiva de género en su organización y detectar las áreas que podrían necesitar mejoras. Nota: La palabra "mujeres" se utiliza para designar a las personas que se identifican como mujeres, y la palabra "hombres" para designar a las personas que se identifican como hombres.
C4: DIVERSIDAD DEL PERSONAL Y DEL LIDERAZGO
B5: Sección 1: Contratación equilibrada entre géneros
C8: 1.1 ¿Qué proporción (%) de los/as empleados/as de su organización son mujeres?
E10: 0-15%
E11: 15-30%
E12: 30-45%
E13: 45-55%
E14: 55-70%
E15: 70-85%
E16: 85%-100%
E17: NA
C19: Question points: | E19: =IF(OR(C10="X",C16="X"),1,IF(OR(C11="X",C15="X"),2,IF(OR(C12="X",C14="X"),3,IF(C13="X",4,0)))) -> 0
C21: 1.2 ¿Emplea su organización a mujeres/hombres en roles más allá de los “estereotipados”? (p.ej., roles donde se asume que las mujeres son solidarias y los hombres competitivos, lo que resulta en una sobrerrepresentación de mujeres en puestos administrativos y de hombres en puestos de ventas)
E23: En nuestro equipo (casi) no hay mujeres/hombres en general
E24: Las mujeres de nuestro equipo están mayormente empleadas en roles ocupados principalmente por mujeres (p. ej., administración, comunicación, RRHH, etc.), mientras que los hombres trabajan principalmente en roles ocupados mayoritariamente por hombres (p. ej., trabajos técnicos, labores manuales, ventas, etc.)
E25: Nuestro equipo tiene una buena representación de mujeres/hombres en roles no estereotipados, pero principalmente en posiciones junior
E26: Nuestro equipo tiene una buena representación de mujeres/hombres en diferentes niveles jerárquicos y tipos de trabajo
E27: NA
C29: Question points: | E29: =IF(C23="X",1,IF(C24="X",2,IF(C25="X",3,IF(C26="X",4,0)))) -> 0
C31: 1.3 ¿Intenta su organización reclutar activamente empleados/as del género que está subrepresentado en su equipo?
E33: No realizamos ningún esfuerzo específico para garantizar la representación equitativa de género en nuestro equipo, ni tenemos objetivos para ello
E34: Nos gustaría mejorar la representación equitativa de género en nuestro equipo, pero no tenemos iniciativas específicas para garantizarla. Nuestro material de contratación está diseñado para comunicarse con candidatos/as de todos los géneros (p. ej., el texto y los elementos visuales se refieren tanto a hombres como a mujeres)
E35: Buscamos activamente candidatos/as del género subrepresentado en nuestro equipo, promoviendo las oportunidades de forma que les resulten atractivas (p. ej., destacando elementos que típicamente valora el género subrepresentado, p. ej. para las mujeres, el ambiente de trabajo, la flexibilidad, los beneficios para las madres trabajadoras, etc.)
E36: Contamos con un proceso sólido para encontrar candidatos/as del género subrepresentado en nuestro equipo (p. ej., organizando eventos de contratación dirigidos a candidatos/as del género subrepresentado, promoviendo vacantes a través de canales no tradicionales, ampliando nuestra reserva de candidatos/as a perfiles no tradicionales), atraerlos/as (p. ej., presentando un discurso promocional ajustado a lo que valora el género subrepresentado) y apoyarlos/as durante el proceso de contratación
E37: NA
C39: Question points: | E39: =IF(C33="X",1,IF(C34="X",2,IF(C35="X",3,IF(C36="X",4,0)))) -> 0
C41: 1.4 ¿Cuenta su organización con procesos que garanticen la igualdad de oportunidades para los/as candidatos/as de todos los géneros como reclutador/a?
E43: No tenemos procesos específicos para garantizar la igualdad de oportunidades en nuestro proceso de contratación
E44: Somos conscientes de los prejuicios de género y tratamos de ser justos en nuestro proceso de contratación
E45: Tenemos varias iniciativas para garantizar que los/as candidatos/as tengan las mismas oportunidades en nuestro proceso de contratación. Utilizamos CV ciegos (es decir, eliminamos el nombre y la foto) y nuestros/as reclutadores/as han recibido formación sobre prejuicios de género inconscientes
E46: Tenemos varias iniciativas para garantizar que los/as candidatos/as tengan las mismas oportunidades en nuestro proceso de contratación. Utilizamos CV ciegos, nuestros/as reclutadores/as han recibido formación sobre prejuicios de género inconscientes, y contamos con un proceso en el que los/as candidatos/as preseleccionados/as son debatidos/as por un comité formado por profesionales de género diverso
E47: NA
C49: Question points: | E49: =IF(C43="X",1,IF(C44="X",2,IF(C45="X",3,IF(C46="X",4,0)))) -> 0
C51: 1.5 ¿Qué proporción (%) de la alta dirección de su organización está compuesta por mujeres?
E53: 0-15%
E54: 15-30%
E55: 30-45%
E56: 45-55%
E57: 55-70%
E58: 70-85%
E59: 85%-100%
E60: NA
C62: Question points: | E62: =IF(OR(C53="X",C59="X"),1,IF(OR(C54="X",C58="X"),2,IF(OR(C55="X",C57="X"),3,IF(C56="X",4,0)))) -> 0
C64: 1.6 ¿Intenta su organización reclutar activamente a gerentes del género que está subrepresentado en los puestos de alta dirección?
E66: No realizamos ningún esfuerzo específico para garantizar la representación equitativa de género en los puestos de alta dirección, ni tenemos objetivos para ello
E67: Nos gustaría mejorar la representación equitativa de género en los puestos de alta dirección, pero no tenemos iniciativas específicas para garantizarla. Nuestro material de contratación está diseñado para comunicarse con candidatos/as de todos los géneros (p. ej., el texto y los elementos visuales se refieren tanto a hombres como a mujeres)
E68: Buscamos activamente candidatos/as del género subrepresentado para cubrir los puestos de alta dirección, promoviendo las oportunidades de forma que les resulten atractivas (p. ej., destacando elementos que típicamente valora el género subrepresentado, p. ej., para las mujeres, el ambiente de trabajo, la flexibilidad, los beneficios para las madres trabajadoras, etc.)
E69: Contamos con un proceso sólido para encontrar candidatos/as del género subrepresentado para los puestos de alta dirección (p. ej., organizando eventos de contratación dirigidos a candidatos/as del género subrepresentado, promoviendo vacantes a través de canales no tradicionales, ampliando nuestra reserva de candidatos/as a perfiles no tradicionales), atraerlos/as (p. ej., presentando un discurso promocional ajustado a lo que valora el género subrepresentado) y apoyarlos/as durante el proceso de contratación
E70: NA
C72: Question points: | E72: =IF(C66="X",1,IF(C67="X",2,IF(C68="X",3,IF(C69="X",4,0)))) -> 0
C74: DIVERSIDAD DEL PERSONAL Y DEL LIDERAZGO
C75: Sección 2: Promoción y retención equilibradas entre géneros
C78: 2.1 Por lo general, ¿avanzan los/as empleados/as de todos los géneros en su carrera al mismo ritmo en su organización?
E80: No medimos el ritmo de progresión profesional, por lo que es difícil saberlo
E81: Los/as empleados/as de un determinado género tienden a ascender más lentamente que sus homólogos/as
E82: Los/as empleados/as de todos los géneros progresan de manera similar, hasta llegar a los puestos de alta dirección, donde los/as empleados/as de un determinado género suelen tomar la delantera debido a barreras específicas de género que enfrentan sus homólogos/as
E83: Frecuentemente medimos y abordamos el ritmo de progresión profesional por géneros y sabemos que los/as empleados/as de todos los géneros progresan al mismo ritmo en nuestra organización
E84: NA
C86: Question points: | E86: =IF(C80="X",1,IF(C81="X",2,IF(C82="X",3,IF(C83="X",4,0)))) -> 0
C88: 2.2 ¿Intenta su organización promocionar activamente a empleados/as del género que está subrepresentado en los puestos de alta dirección?
E90: No realizamos ningún esfuerzo específico para garantizar la representación equitativa de género en los puestos de alta dirección, ni tenemos objetivos para ello
E91: Nos gustaría mejorar la representación equitativa de género en los puestos de alta dirección, pero no tenemos iniciativas específicas para garantizarla
E92: Intentamos promocionar activamente a los/as empleados/as del género subrepresentado en los puestos de alta dirección ( p. ej. dar prioridad a los/as candidatos/as del género subrepresentado)
E93: Disponemos de un proceso sólido para fomentar y facilitar la promoción de empleados/as del género subrepresentado en puestos de alta dirección (p. ej., permitir la flexibilidad, políticas de promoción objetivas)
E94: NA
C96: Question points: | E96: =IF(C90="X",1,IF(C91="X",2,IF(C92="X",3,IF(C93="X",4,0)))) -> 0
C98: 2.3 ¿Ofrece su organización programas de mentoría de mujer a mujer o de hombre a hombre?
E100: No
E101: No, pero estamos abiertos a la idea
E102: Sí, pero sólo en casos concretos o ad hoc
E103: Sí, contamos con un programa específico de mentoría de mujer a mujer o de hombre a hombre para empleados/as
E104: NA
C106: Question points: | E106: =IF(C100="X",1,IF(C101="X",2,IF(C102="X",3,IF(C103="X",4,0)))) -> 0
C108: DIVERSIDAD DEL PERSONAL Y DEL LIDERAZGO
C109: Sección 3: Políticas y prácticas de RRHH con perspectiva de género
C112: 3.1 ¿Ofrece su organización el mismo salario a empleados/as de todos los géneros con el mismo nivel de responsabilidad?
E114: Los salarios se negocian caso por caso, independientemente del género
E115: La mayoría de nuestros/as empleados/as con un nivel de responsabilidad equivalente tienen el mismo salario independientemente de su género
E116: Disponemos de un proceso para garantizar que los/as empleados/as con un nivel de responsabilidad equivalente tengan el mismo salario independientemente de su género, pero principalmente en posiciones junior
E117: Disponemos de un proceso para garantizar que los/as empleados/as con un nivel de responsabilidad equivalente tengan el mismo salario independientemente de su género en todos los niveles jerárquicos
E118: NA
C120: Question points: | E120: =IF(C114="X",1,IF(C115="X",2,IF(C116="X",3,IF(C117="X",4,0)))) -> 0
C122: 3.2 ¿Proporciona su organización transparencia sobre los niveles salariales y la ratio de la brecha salarial de género?
E124: No tenemos transparencia sobre los niveles salariales de los/as empleados/as
E125: Tenemos algo de transparencia sobre los niveles salariales pero no desglosados por género
E126: Tenemos transparencia sobre los niveles salariales, desglosados por género
E127: Tenemos transparencia sobre los niveles salariales, desglosados por género, y debatimos las políticas salariales con nuestro equipo para garantizar que no haya discriminación por razón de género (o percepción de la misma)
E128: NA
C130: Question points: | E130: =IF(C124="X",1,IF(C125="X",2,IF(C126="X",3,IF(C127="X",4,0)))) -> 0
C132: 3.3 ¿Garantiza su organización criterios claros y objetivos para los aumentos salariales y los ascensos, teniendo en cuenta las diferencias entre géneros a la hora de abordar estas discusiones/negociaciones?
E134: Tratamos a todo el mundo de la misma manera, sin criterios objetivos y sin tener en cuenta las dinámicas de género
E135: Somos conscientes de las dinámicas de género (es decir, que las mujeres tienden a ser menos agresivas en sus demandas), pero no intentamos concienciar activamente sobre esta dinámica ni contrarrestarla con criterios objetivos para los aumentos
E136: Somos transparentes sobre el nivel salarial que se puede esperar para los diferentes niveles de responsabilidad, y animamos a nuestro/as empleados/as de alto rendimiento a que expresen sus demandas de manera más contundente si aún no lo hacen
E137: Somos transparentes sobre el nivel salarial que se puede esperar para los diferentes niveles de responsabilidad, y ofrecemos aumentos salariales basados en criterios objetivos y bien definidos. Los aumentos salariales se discuten en un comité formado por profesionales de género diverso. Si es aplicable, se informa a los empleados/as (especialmente a las mujeres) sobre su tendencia a ser menos vocales acerca de sus demandas
E138: NA
C140: Question points: | E140: =IF(C134="X",1,IF(C135="X",2,IF(C136="X",3,IF(C137="X",4,0)))) -> 0
C142: 3.4 ¿Dispone su organización de una política de baja parental retribuida?
E144: Sólo ofrecemos permisos de maternidad no remunerados
...

Sheet M2 - Resultados evaluación
B1: TABLA DE RESULTADOS
B2: Instrucciones para leer sus resultados: 1) Tiene un resultado por sección y un resultado total, que es la media de sus puntuaciones en cada sección. La escala va de 1 (bajo) a 4 (alto). 2) Ahora que tiene sus resultados, vaya a la página «M2 - Priorización de ideas» para ver todas las iniciativas potenciales de integración de la perspectiva de género que se pueden aplicar en su organización y priorizarlas. 3) También puede ir a la página «M2 - Biblioteca de recursos» para obtener más ideas sobre cómo mejorar la integración de la perspectiva de género en su organización.
B4: Área | D4: Sección | E4: Resultado
B5: Diversidad del personal y del liderazgo | D5: ='M2 -Herramienta de evaluación'!B5 -> Sección 1: Contratación equilibrada entre géneros | E5: =IFERROR(AVERAGEIF('Assessment answers'!B7:B12,"<>0"),"NA") -> NA
D6: ='M2 -Herramienta de evaluación'!C75 -> Sección 2: Promoción y retención equilibradas entre géneros | E6: =IFERROR(AVERAGEIF('Assessment answers'!B14:B16,"<>0"),"NA") -> NA
D7: ='M2 -Herramienta de evaluación'!C109 -> Sección 3: Políticas y prácticas de RRHH con perspectiva de género | E7: =IFERROR(AVERAGEIF('Assessment answers'!B18:B28,"<>0"),"NA") -> NA
D8: ='M2 -Herramienta de evaluación'!C223 -> Sección 4: Diversidad en el Consejo de administración | E8: =IFERROR(AVERAGEIF('Assessment answers'!B30:B31,"<>0"),"NA") -> NA
B9: Producto o servicio con perspectiva de género | D9: ='M2 -Herramienta de evaluación'!C250 -> Sección 5: Diseño de productos y estudio de mercado con perspectiva de género | E9: =IFERROR(AVERAGEIF('Assessment answers'!B33:B35,"<>0"),"NA") -> NA
D10: ='M2 -Herramienta de evaluación'!C284 -> Sección 6: Marketing y comunicación con perspectiva de género | E10: =IFERROR(AVERAGEIF('Assessment answers'!B37:B40,"<>0"),"NA") -> NA
D11: ='M2 -Herramienta de evaluación'!C328 -> Sección 7: Diversidad en los equipos de distribución y ventas | E11: =IFERROR(AVERAGEIF('Assessment answers'!B42:B44,"<>0"),"NA") -> NA
D12: ='M2 -Herramienta de evaluación'!C365 -> Sección 8: Atención al cliente con perspectiva de género | E12: =IFERROR(AVERAGEIF('Assessment answers'!B46,"<>0"),"NA") -> NA
B13: Diversidad y equidad en la cadena de suministro | D13: ='M2 -Herramienta de evaluación'!C379 -> Sección 9: Selección de proveedores/as estratégicos/as con perspectiva de género | E13: =IFERROR(AVERAGEIF('Assessment answers'!B48:B51,"<>0"),"NA") -> NA
D14: ='M2 -Herramienta de evaluación'!C426 -> Sección 10: Formación de los/as proveedores/as estratégicos/as con perspectiva de género | E14: =IFERROR(AVERAGEIF('Assessment answers'!B53:B54,"<>0"),"NA") -> NA
D15: Total | E15: =IFERROR(AVERAGEIF(E5:E14,"<>0"),"NA") -> NA

Sheet Assessment answers
B2: RESPUESTAS
B3: X
B5: RANGOS PARA MEDIA
A6: Sub-sección | B6: Sección 1 | C6: =IF(B6=0,"NA",B6) -> Sección 1
A7: 1.1 | B7: ='M2 -Herramienta de evaluación'!E19 -> 0 | C7: =IF(B7=0,"NA",B7) -> NA
A8: 1.2 | B8: ='M2 -Herramienta de evaluación'!E29 -> 0 | C8: =IF(B8=0,"NA",B8) -> NA
A9: 1.3 | B9: ='M2 -Herramienta de evaluación'!E39 -> 0 | C9: =IF(B9=0,"NA",B9) -> NA
A10: 1.4 | B10: ='M2 -Herramienta de evaluación'!E49 -> 0 | C10: =IF(B10=0,"NA",B10) -> NA
A11: 1.5 | B11: ='M2 -Herramienta de evaluación'!E62 -> 0 | C11: =IF(B11=0,"NA",B11) -> NA
A12: 1.6 | B12: ='M2 -Herramienta de evaluación'!E72 -> 0 | C12: =IF(B12=0,"NA",B12) -> NA
A13: - | B13: Sección 2 | C13: =IF(B13=0,"NA",B13) -> Sección 2
A14: 2.1 | B14: ='M2 -Herramienta de evaluación'!E86 -> 0 | C14: =IF(B14=0,"NA",B14) -> NA
A15: 2.2 | B15: ='M2 -Herramienta de evaluación'!E96 -> 0 | C15: =IF(B15=0,"NA",B15) -> NA
A16: 2.3 | B16: ='M2 -Herramienta de evaluación'!E106 -> 0 | C16: =IF(B16=0,"NA",B16) -> NA
A17: - | B17: Sección 3 | C17: =IF(B17=0,"NA",B17) -> Sección 3
A18: 3.1 | B18: ='M2 -Herramienta de evaluación'!E120 -> 0 | C18: =IF(B18=0,"NA",B18) -> NA
A19: 3.2 | B19: ='M2 -Herramienta de evaluación'!E130 -> 0 | C19: =IF(B19=0,"NA",B19) -> NA
A20: 3.3 | B20: ='M2 -Herramienta de evaluación'!E140 -> 0 | C20: =IF(B20=0,"NA",B20) -> NA
A21: 3.4 | B21: ='M2 -Herramienta de evaluación'!E150 -> 0 | C21: =IF(B21=0,"NA",B21) -> NA
A22: 3.5 | B22: ='M2 -Herramienta de evaluación'!E160 -> 0 | C22: =IF(B22=0,"NA",B22) -> NA
A23: 3.6 | B23: ='M2 -Herramienta de evaluación'!E170 -> 0 | C23: =IF(B23=0,"NA",B23) -> NA
A24: 3.7 | B24: ='M2 -Herramienta de evaluación'!E180 -> 0 | C24: =IF(B24=0,"NA",B24) -> NA
A25: 3.8 | B25: ='M2 -Herramienta de evaluación'!E190 -> 0 | C25: =IF(B25=0,"NA",B25) -> NA
A26: 3.9 | B26: ='M2 -Herramienta de evaluación'!E200 -> 0 | C26: =IF(B26=0,"NA",B26) -> NA
A27: 3.1* | B27: ='M2 -Herramienta de evaluación'!E210 -> 0 | C27: =IF(B27=0,"NA",B27) -> NA
A28: 3.11 | B28: ='M2 -Herramienta de evaluación'!E220 -> 0 | C28: =IF(B28=0,"NA",B28) -> NA
A29: - | B29: Sección 4 | C29: =IF(B29=0,"NA",B29) -> Sección 4
A30: 4.1 | B30: ='M2 -Herramienta de evaluación'!E237 -> 0 | C30: =IF(B30=0,"NA",B30) -> NA
A31: 4.2 | B31: ='M2 -Herramienta de evaluación'!E247 -> 0 | C31: =IF(B31=0,"NA",B31) -> NA
A32: - | B32: Sección 5 | C32: =IF(B32=0,"NA",B32) -> Sección 5
A33: 5.1 | B33: ='M2 -Herramienta de evaluación'!E261 -> 0 | C33: =IF(B33=0,"NA",B33) -> NA
A34: 5.2 | B34: ='M2 -Herramienta de evaluación'!E271 -> 0 | C34: =IF(B34=0,"NA",B34) -> NA
A35: 5.3 | B35: ='M2 -Herramienta de evaluación'!E281 -> 0 | C35: =IF(B35=0,"NA",B35) -> NA
A36: - | B36: Sección 6 | C36: =IF(B36=0,"NA",B36) -> Sección 6
A37: 6.1 | B37: ='M2 -Herramienta de evaluación'!E295 -> 0 | C37: =IF(B37=0,"NA",B37) -> NA
A38: 6.2 | B38: ='M2 -Herramienta de evaluación'!E305 -> 0 | C38: =IF(B38=0,"NA",B38) -> NA
A39: 6.3 | B39: ='M2 -Herramienta de evaluación'!E315 -> 0 | C39: =IF(B39=0,"NA",B39) -> NA
A40: 6.4 | B40: ='M2 -Herramienta de evaluación'!E325 -> 0 | C40: =IF(B40=0,"NA",B40) -> NA
A41: - | B41: Sección 7 | C41: =IF(B41=0,"NA",B41) -> Sección 7
A42: 7.1 | B42: ='M2 -Herramienta de evaluación'!E342 -> 0 | C42: =IF(B42=0,"NA",B42) -> NA
A43: 7.2 | B43: ='M2 -Herramienta de evaluación'!E352 -> 0 | C43: =IF(B43=0,"NA",B43) -> NA
A44: 7.3 | B44: ='M2 -Herramienta de evaluación'!E362 -> 0 | C44: =IF(B44=0,"NA",B44) -> NA
A45: - | B45: Sección 8 | C45: =IF(B45=0,"NA",B45) -> Sección 8
A46: 8.1 | B46: ='M2 -Herramienta de evaluación'!E376 -> 0 | C46: =IF(B46=0,"NA",B46) -> NA
A47: - | B47: Sección 9 | C47: =IF(B47=0,"NA",B47) -> Sección 9
A48: 9.1 | B48: ='M2 -Herramienta de evaluación'!E393 -> 0 | C48: =IF(B48=0,"NA",B48) -> NA
A49: 9.2 | B49: ='M2 -Herramienta de evaluación'!E403 -> 0 | C49: =IF(B49=0,"NA",B49) -> NA
A50: 9.3 | B50: ='M2 -Herramienta de evaluación'!E413 -> 0 | C50: =IF(B50=0,"NA",B50) -> NA
A51: 9.4 | B51: ='M2 -Herramienta de evaluación'!E423 -> 0 | C51: =IF(B51=0,"NA",B51) -> NA
A52: - | B52: Sección 10 | C52: =IF(B52=0,"NA",B52) -> Sección 10
A53: 10.1 | B53: ='M2 -Herramienta de evaluación'!E437 -> 0 | C53: =IF(B53=0,"NA",B53) -> NA
A54: 10.2 | B54: ='M2 -Herramienta de evaluación'!E447 -> 0 | C54: =IF(B54=0,"NA",B54) -> NA

Sheet M2- Herramienta de priorización
D1: HERRAMIENTA DE PRIORIZACIÓN DE IDEAS
D2: Objetivo: Determinar las áreas que requieren una atención inmediata en términos de integración de la perspectiva de género. Instrucciones: 1) Revise sus puntuaciones para cada pregunta de la herramienta de evaluación en la columna D. La puntuación puede ser baja, por debajo de la media o alta. Las preguntas que no se aplican a su organización aparecen como 'no aplicable'. 2) Para las puntuaciones baja y por debajo de la media, consulte las brechas relacionados y las posibles soluciones para su organización. 3) Una vez que las haya leído todas, evalúe su impacto empresarial, social y viabilidad. La valoración puede ser baja, media o alta. 4) Identifique las áreas que tienen un mayor nivel de prioridad en la columna K. La prioridad alta aparece en verde oscuro, la media en naranja y la baja en rojo. 5) En la columna L, explique cómo evaluó la iniciativa (en términos de impacto empresarial, impacto social y viabilidad) y por qué decidió priorizarla o no priorizarla. Por ejemplo, aclare por qué no priorizó iniciativas en áreas donde tienes brechas importantes, señalando factores como limitaciones debidas al contexto organizacional específico, altos costos, complejidad, etc. Nota: La palabra "mujeres" se utiliza para designar a las personas que se identifican como mujeres, y la palabra "hombres" para designar a las personas que se identifican como hombres. La columna M es para uso exclusivo de LeFil.
B4: Pregunta | C4: Resultado | D4: Resultado de la evaluación | E4: Área de oportunidad | F4: Descripción de la brecha | G4: Descripción de la solución | H4: Impacto empresarial: aumento de ingresos, reducción de costes, ayuda a la recaudación de fondos, etc. | I4: Impacto social: promueve la igualdad y la equidad de género | J4: Viabilidad | K4: Nivel de prioridad | L4: Por favor, explica tu calificación y por qué decidiste priorizar —o no priorizar— la iniciativa. | M4: Comentarios del taller previo de LeFil | N4: Discusión durante el taller y recomendación posterior al taller
B5: 1.1 ¿Qué proporción (%) de los/as empleados/as de su organización son mujeres? | C5: ='Assessment answers'!B7 -> 0 | D5: =IF(C5>=3,"Ha obtenido una buena puntuación en esta área. Centre sus esfuerzos en otras áreas problemáticas.",IF(AND(C5<3,C5>=2),"Ha obtenido una puntuación por debajo de la media en esta área. Le sugerimos que trabaje en esta área problemática. Rellene las columnas H-J",IF(AND(C5<2,C5>0),"Ha obtenido una puntuación baja en esta área. Le recomendamos encarecidamente que trabaje en esta área problemática. Rellene las columnas H-J",IF(C5=0,"Esta área no es aplicable a su empresa","")))) -> Esta área no es aplicable a su empresa | E5: 1. Contratación equilibrada entre géneros | F5: Un género está subrepresentado en el equipo | G5: Crear un proceso sólido para encontrar candidatos/as del género subrepresentado en el equipo (p. ej., organizando actos de contratación dirigidos a candidatos/as del género subrepresentado, promocionando puestos a través de canales no tradicionales, ampliando la reserva de candidatos a perfiles no tradicionales), atraerlos/as (p. ej., con un discurso promocional ajustado a lo que valoran los candidatos/as del género subrepresentado) y apoyarlos/as en el proceso de contratación | K5: =IFERROR(VLOOKUP($I5,'Idea prioritization list'!$D$1:$E$3,2,0),0)+IFERROR(VLOOKUP($H5,'Idea prioritization list'!$D$1:$E$3,2,0),0)+IFERROR(VLOOKUP($J5,'Idea prioritization list'!$D$1:$E$3,2,0),0) -> 0
B6: 1.2 ¿Emplea su organización a mujeres/hombres en roles más allá de los “estereotipados”? (p.ej., roles donde se asume que las mujeres son solidarias y los hombres competitivos, lo que resulta en una sobrerrepresentación de mujeres en puestos administrativos y de hombres en puestos de ventas) | C6: ='Assessment answers'!B8 -> 0 | D6: =IF(C6>=3,"Ha obtenido una buena puntuación en esta área. Centre sus esfuerzos en otras áreas problemáticas.",IF(AND(C6<3,C6>=2),"Ha obtenido una puntuación por debajo de la media en esta área. Le sugerimos que trabaje en esta área problemática. Rellene las columnas H-J",IF(AND(C6<2,C6>0),"Ha obtenido una puntuación baja en esta área. Le recomendamos encarecidamente que trabaje en esta área problemática. Rellene las columnas H-J",IF(C6=0,"Esta área no es aplicable a su empresa.","")))) -> Esta área no es aplicable a su empresa. | E6: 1. Contratación equilibrada entre géneros | F6: Las mujeres y/o los hombres ocupan roles estereotipados (p. ej., se espera que las mujeres sean solidarias y que los hombres sean competitivos, por lo que las mujeres están sobrerrepresentadas en puestos administrativos y los hombres en puestos de ventas) | G6: Crear un proceso de contratación sólido para encontrar, atraer y apoyar a candidatos/as del género subrepresentado en todos los niveles jerárquicos y tipos de trabajo (p. ej.: seleccionar a hombres para puestos de secretaría o a mujeres para puestos de trabajo de campo) | K6: =IFERROR(VLOOKUP($I6,'Idea prioritization list'!$D$1:$E$3,2,0),0)+IFERROR(VLOOKUP($H6,'Idea prioritization list'!$D$1:$E$3,2,0),0)+IFERROR(VLOOKUP($J6,'Idea prioritization list'!$D$1:$E$3,2,0),0) -> 0
B7: 1.3 ¿Intenta su organización reclutar activamente empleados/as del género que está subrepresentado en su equipo? | C7: ='Assessment answers'!B9 -> 0 | D7: =IF(C7>=3,"Ha obtenido una buena puntuación en esta área. Centre sus esfuerzos en otras áreas problemáticas.",IF(AND(C7<3,C7>=2),"Ha obtenido una puntuación por debajo de la media en esta área. Le sugerimos que trabaje en esta área problemática. Rellene las columnas H-J",IF(AND(C7<2,C7>0),"Ha obtenido una puntuación baja en esta área. Le recomendamos encarecidamente que trabaje en esta área problemática. Rellene las columnas H-J",IF(C7=0,"Esta área no es aplicable a su empresa.","")))) -> Esta área no es aplicable a su empresa. | E7: 1. Contratación equilibrada entre géneros | F7: La organización no intenta contratar empleados/as del género que está subrepresentado en el equipo | G7: Crear un proceso sólido para encontrar candidatos/as del género subrepresentado en el equipo (p. ej., organizando actos de contratación dirigidos a candidatos/as del género subrepresentado, promocionando puestos a través de canales no tradicionales, ampliando la reserva de candidatos/as a perfiles no tradicionales), atraerlos/as (p. ej., con un discurso promocional ajustado a lo que valoran los candidatos/as del género subrepresentado) y apoyarlos/as en el proceso de contratación | K7: =IFERROR(VLOOKUP($I7,'Idea prioritization list'!$D$1:$E$3,2,0),0)+IFERROR(VLOOKUP($H7,'Idea prioritization list'!$D$1:$E$3,2,0),0)+IFERROR(VLOOKUP($J7,'Idea prioritization list'!$D$1:$E$3,2,0),0) -> 0
B8: 1.4 ¿Cuenta su organización con procesos que garanticen la igualdad de oportunidades para los/as candidatos/as de todos los géneros como reclutador/a? | C8: ='Assessment answers'!B10 -> 0 | D8: =IF(C8>=3,"Ha obtenido una buena puntuación en esta área. Centre sus esfuerzos en otras áreas problemáticas.",IF(AND(C8<3,C8>=2),"Ha obtenido una puntuación por debajo de la media en esta área. Le sugerimos que trabaje en esta área problemática. Rellene las columnas H-J",IF(AND(C8<2,C8>0),"Ha obtenido una puntuación baja en esta área. Le recomendamos encarecidamente que trabaje en esta área problemática. Rellene las columnas H-J",IF(C8=0,"Esta área no es aplicable a su empresa.","")))) -> Esta área no es aplicable a su empresa. | E8: 1. Contratación equilibrada entre géneros | F8: La organización no dispone de procesos para garantizar la igualdad de oportunidades a los/as candidatos/as de todos los géneros como reclutador/a | G8: Diseñar iniciativas para garantizar que los/as candidatos/as tengan las mismas oportunidades en el proceso de contratación. Utilice CV ciegos, forme a los/as responsables de la contratación sobre los prejuicios de género inconscientes y cree un proceso en el que los/as candidatos/as preseleccionados/as sean debatidos/as por un comité formado por profesionales de género diverso | K8: =IFERROR(VLOOKUP($I8,'Idea prioritization list'!$D$1:$E$3,2,0),0)+IFERROR(VLOOKUP($H8,'Idea prioritization list'!$D$1:$E$3,2,0),0)+IFERROR(VLOOKUP($J8,'Idea prioritization list'!$D$1:$E$3,2,0),0) -> 0
B9: 1.5 ¿Qué proporción (%) de la alta dirección de su organización está compuesta por mujeres? | C9: ='Assessment answers'!B11 -> 0 | D9: =IF(C9>=3,"Ha obtenido una buena puntuación en esta área. Centre sus esfuerzos en otras áreas problemáticas.",IF(AND(C9<3,C9>=2),"Ha obtenido una puntuación por debajo de la media en esta área. Le sugerimos que trabaje en esta área problemática. Rellene las columnas H-J",IF(AND(C9<2,C9>0),"Ha obtenido una puntuación baja en esta área. Le recomendamos encarecidamente que trabaje en esta área problemática. Rellene las columnas H-J",IF(C9=0,"Esta área no es aplicable a su empresa.","")))) -> Esta área no es aplicable a su empresa. | E9: 1. Contratación equilibrada entre géneros | F9: Un género está subrepresentado en el equipo directivo | G9: Crear un proceso sólido para encontrar candidatos/as del género subrepresentado en el equipo directivo (p. ej., organizando actos de contratación dirigidos a candidatos/as del género subrepresentado, promocionando puestos a través de canales no tradicionales, ampliando la reserva de candidatos/as a perfiles no tradicionales), atraerlos/as (p. ej., con un discurso promocional ajustado a lo que valoran los candidatos/as del género subrepresentado) y apoyarlos/as en el proceso de contratación | K9: =IFERROR(VLOOKUP($I9,'Idea prioritization list'!$D$1:$E$3,2,0),0)+IFERROR(VLOOKUP($H9,'Idea prioritization list'!$D$1:$E$3,2,0),0)+IFERROR(VLOOKUP($J9,'Idea prioritization list'!$D$1:$E$3,2,0),0) -> 0
B10: 1.6 ¿Intenta su organización reclutar activamente a gerentes del género que está subrepresentado en los puestos de alta dirección? | C10: ='Assessment answers'!B12 -> 0 | D10: =IF(C10>=3,"Ha obtenido una buena puntuación en esta área. Centre sus esfuerzos en otras áreas problemáticas.",IF(AND(C10<3,C10>=2),"Ha obtenido una puntuación por debajo de la media en esta área. Le sugerimos que trabaje en esta área problemática. Rellene las columnas H-J",IF(AND(C10<2,C10>0),"Ha obtenido una puntuación baja en esta área. Le recomendamos encarecidamente que trabaje en esta área problemática. Rellene las columnas H-J",IF(C10=0,"Esta área no es aplicable a su empresa.","")))) -> Esta área no es aplicable a su empresa. | E10: 1. Contratación equilibrada entre géneros | F10: La organización no intenta contratar directivos/as del género subrepresentado en los puestos de alta dirección | G10: Crear un proceso sólido para encontrar candidatos/as del género subrepresentado en puestos de alta dirección (p. ej., organizando actos de contratación dirigidos a candidatos/as del género subrepresentado, promocionando puestos a través de canales no tradicionales, ampliando la reserva de candidatos/as a perfiles no tradicionales), atraerlos/as (p. ej., con un discurso promocional ajustado a lo que valoran los candidatos/as del género subrepresentado) y apoyarlos/as en el proceso de contratación | K10: =IFERROR(VLOOKUP($I10,'Idea prioritization list'!$D$1:$E$3,2,0),0)+IFERROR(VLOOKUP($H10,'Idea prioritization list'!$D$1:$E$3,2,0),0)+IFERROR(VLOOKUP($J10,'Idea prioritization list'!$D$1:$E$3,2,0),0) -> 0
B11: 2.1 Por lo general, ¿avanzan los/as empleados/as de todos los géneros en su carrera al mismo ritmo en su organización? | C11: ='Assessment answers'!B14 -> 0 | D11: =IF(C11>=3,"Ha obtenido una buena puntuación en esta área. Centre sus esfuerzos en otras áreas problemáticas.",IF(AND(C11<3,C11>=2),"Ha obtenido una puntuación por debajo de la media en esta área. Le sugerimos que trabaje en esta área problemática. Rellene las columnas H-J",IF(AND(C11<2,C11>0),"Ha obtenido una puntuación baja en esta área. Le recomendamos encarecidamente que trabaje en esta área problemática. Rellene las columnas H-J",IF(C11=0,"Esta área no es aplicable a su empresa.","")))) -> Esta área no es aplicable a su empresa. | E11: 2. Promoción y retención equilibradas entre géneros | F11: La organización no mide el ritmo de progresión profesional | G11: Medir y abordar con frecuencia el ritmo de progresión profesional por género y garantizar que todos/as los/as empleados/as de todos los géneros progresen al mismo ritmo | K11: =IFERROR(VLOOKUP($I11,'Idea prioritization list'!$D$1:$E$3,2,0),0)+IFERROR(VLOOKUP($H11,'Idea prioritization list'!$D$1:$E$3,2,0),0)+IFERROR(VLOOKUP($J11,'Idea prioritization list'!$D$1:$E$3,2,0),0) -> 0
B12: 2.2 ¿Intenta su organización promocionar activamente a empleados/as del género que está subrepresentado en los puestos de alta dirección? | C12: ='Assessment answers'!B15 -> 0 | D12: =IF(C12>=3,"Ha obtenido una buena puntuación en esta área. Centre sus esfuerzos en otras áreas problemáticas.",IF(AND(C12<3,C12>=2),"Ha obtenido una puntuación por debajo de la media en esta área. Le sugerimos que trabaje en esta área problemática. Rellene las columnas H-J",IF(AND(C12<2,C12>0),"Ha obtenido una puntuación baja en esta área. Le recomendamos encarecidamente que trabaje en esta área problemática. Rellene las columnas H-J",IF(C12=0,"Esta área no es aplicable a su empresa.","")))) -> Esta área no es aplicable a su empresa. | E12: 2. Promoción y retención equilibradas entre géneros | F12: La organización no hace ningún esfuerzo específico para garantizar la igualdad de representación de género en los puestos de alta dirección, ni tiene objetivos para ello | G12: Crear un proceso sólido para fomentar y facilitar la promoción de empleados/as del género subrepresentado en puestos de alta dirección (p. ej., permitir la flexibilidad, políticas de promoción objetivas) | K12: =IFERROR(VLOOKUP($I12,'Idea prioritization list'!$D$1:$E$3,2,0),0)+IFERROR(VLOOKUP($H12,'Idea prioritization list'!$D$1:$E$3,2,0),0)+IFERROR(VLOOKUP($J12,'Idea prioritization list'!$D$1:$E$3,2,0),0) -> 0
B13: 2.3 ¿Ofrece su organización programas de mentoría de mujer a mujer o de hombre a hombre? | C13: ='Assessment answers'!B16 -> 0 | D13: =IF(C13>=3,"Ha obtenido una buena puntuación en esta área. Centre sus esfuerzos en otras áreas problemáticas.",IF(AND(C13<3,C13>=2),"Ha obtenido una puntuación por debajo de la media en esta área. Le sugerimos que trabaje en esta área problemática. Rellene las columnas H-J",IF(AND(C13<2,C13>0),"Ha obtenido una puntuación baja en esta área. Le recomendamos encarecidamente que trabaje en esta área problemática. Rellene las columnas H-J",IF(C13=0,"Esta área no es aplicable a su empresa.","")))) -> Esta área no es aplicable a su empresa. | E13: 2. Promoción y retención equilibradas entre géneros | F13: La organización no ofrece tutorías específicas de género | G13: Ofrecer programas específico de mentoría de mujer a mujer o de hombre a hombre para empleados/as | K13: =IFERROR(VLOOKUP($I13,'Idea prioritization list'!$D$1:$E$3,2,0),0)+IFERROR(VLOOKUP($H13,'Idea prioritization list'!$D$1:$E$3,2,0),0)+IFERROR(VLOOKUP($J13,'Idea prioritization list'!$D$1:$E$3,2,0),0) -> 0
B14: 3.1 ¿Ofrece su organización el mismo salario a empleados/as de todos los géneros con el mismo nivel de responsabilidad? | C14: ='Assessment answers'!B18 -> 0 | D14: =IF(C14>=3,"Ha obtenido una buena puntuación en esta área. Centre sus esfuerzos en otras áreas problemáticas.",IF(AND(C14<3,C14>=2),"Ha obtenido una puntuación por debajo de la media en esta área. Le sugerimos que trabaje en esta área problemática. Rellene las columnas H-J",IF(AND(C14<2,C14>0),"Ha obtenido una puntuación baja en esta área. Le recomendamos encarecidamente que trabaje en esta área problemática. Rellene las columnas H-J",IF(C14=0,"Esta área no es aplicable a su empresa.","")))) -> Esta área no es aplicable a su empresa. | E14: 3. Políticas y prácticas de RRHH con perspectiva de género | F14: Los salarios se negocian caso por caso, independientemente del género | G14: Crear un proceso para garantizar que los empleados con un nivel de responsabilidad equivalente tengan el mismo salario, independientemente de su género, en todos los niveles de la organización | K14: =IFERROR(VLOOKUP($I14,'Idea prioritization list'!$D$1:$E$3,2,0),0)+IFERROR(VLOOKUP($H14,'Idea prioritization list'!$D$1:$E$3,2,0),0)+IFERROR(VLOOKUP($J14,'Idea prioritization list'!$D$1:$E$3,2,0),0) -> 0
B15: 3.2 ¿Proporciona su organización transparencia sobre los niveles salariales y la ratio de la brecha salarial de género? | C15: ='Assessment answers'!B19 -> 0 | D15: =IF(C15>=3,"Ha obtenido una buena puntuación en esta área. Centre sus esfuerzos en otras áreas problemáticas.",IF(AND(C15<3,C15>=2),"Ha obtenido una puntuación por debajo de la media en esta área. Le sugerimos que trabaje en esta área problemática. Rellene las columnas H-J",IF(AND(C15<2,C15>0),"Ha obtenido una puntuación baja en esta área. Le recomendamos encarecidamente que trabaje en esta área problemática. Rellene las columnas H-J",IF(C15=0,"Esta área no es aplicable a su empresa.","")))) -> Esta área no es aplicable a su empresa. | E15: 3. Políticas y prácticas de RRHH con perspectiva de género | F15: No hay transparencia sobre los niveles salariales de los/as empleados/as | G15: Comunicar de forma transparente los niveles salariales, desglosados por género, y debatir las políticas salariales con el equipo para garantizar que no haya discriminación por razón de género (o percepción de la misma) | K15: =IFERROR(VLOOKUP($I15,'Idea prioritization list'!$D$1:$E$3,2,0),0)+IFERROR(VLOOKUP($H15,'Idea prioritization list'!$D$1:$E$3,2,0),0)+IFERROR(VLOOKUP($J15,'Idea prioritization list'!$D$1:$E$3,2,0),0) -> 0
B16: 3.3 ¿Garantiza su organización criterios claros y objetivos para los aumentos salariales y los ascensos, teniendo en cuenta las diferencias entre géneros a la hora de abordar estas discusiones/negociaciones? | C16: ='Assessment answers'!B20 -> 0 | D16: =IF(C16>=3,"Ha obtenido una buena puntuación en esta área. Centre sus esfuerzos en otras áreas problemáticas.",IF(AND(C16<3,C16>=2),"Ha obtenido una puntuación por debajo de la media en esta área. Le sugerimos que trabaje en esta área problemática. Rellene las columnas H-J",IF(AND(C16<2,C16>0),"Ha obtenido una puntuación baja en esta área. Le recomendamos encarecidamente que trabaje en esta área problemática. Rellene las columnas H-J",IF(C16=0,"Esta área no es aplicable a su empresa.","")))) -> Esta área no es aplicable a su empresa. | E16: 3. Políticas y prácticas de RRHH con perspectiva de género | F16: No existen criterios claros y objetivos para los aumentos salariales y los ascensos que tengan en cuenta la dinámica de género | G16: Comunicar con transparencia qué nivel salarial cabe esperar para los distintos niveles de responsabilidad, y ofrecer aumentos salariales basados en criterios objetivos y bien definidos. Los aumentos salariales se debaten en un comité con diversidad de género. Si procede, sensibilizar a los empleados/as (especialmente a las mujeres) sobre su tendencia a ser menos expresivos/as sobre sus demandas | K16: =IFERROR(VLOOKUP($I16,'Idea prioritization list'!$D$1:$E$3,2,0),0)+IFERROR(VLOOKUP($H16,'Idea prioritization list'!$D$1:$E$3,2,0),0)+IFERROR(VLOOKUP($J16,'Idea prioritization list'!$D$1:$E$3,2,0),0) -> 0
B17: 3.4 ¿Dispone su organización de una política de baja parental retribuida? | C17: ='Assessment answers'!B21 -> 0 | D17: =IF(C17>=3,"Ha obtenido una buena puntuación en esta área. Centre sus esfuerzos en otras áreas problemáticas.",IF(AND(C17<3,C17>=2),"Ha obtenido una puntuación por debajo de la media en esta área. Le sugerimos que trabaje en esta área problemática. Rellene las columnas H-J",IF(AND(C17<2,C17>0),"Ha obtenido una puntuación baja en esta área. Le recomendamos encarecidamente que trabaje en esta área problemática. Rellene las columnas H-J",IF(C17=0,"Esta área no es aplicable a su empresa.","")))) -> Esta área no es aplicable a su empresa. | E17: 3. Políticas y prácticas de RRHH con perspectiva de género | F17: La organización sólo ofrece permisos de maternidad no retribuidos a las nuevas madres | G17: Proporcionar un permiso parental retribuido que vaya más allá de lo establecido por la ley (es decir, durante un periodo más largo y/o con una mayor remuneración), en igualdad de condiciones para madres y padres biológicos y no biológicos, y animar activamente a los padres a beneficiarse de dicha política en la misma medida que las madres | K17: =IFERROR(VLOOKUP($I17,'Idea prioritization list'!$D$1:$E$3,2,0),0)+IFERROR(VLOOKUP($H17,'Idea prioritization list'!$D$1:$E$3,2,0),0)+IFERROR(VLOOKUP($J17,'Idea prioritization list'!$D$1:$E$3,2,0),0) -> 0
B18: 3.5 ¿Ofrece su organización condiciones laborales que tengan en cuenta las necesidades específicas de las madres, los padres y las mujeres embarazadas que trabajan? | C18: ='Assessment answers'!B22 -> 0 | D18: =IF(C18>=3,"Ha obtenido una buena puntuación en esta área. Centre sus esfuerzos en otras áreas problemáticas.",IF(AND(C18<3,C18>=2),"Ha obtenido una puntuación por debajo de la media en esta área. Le sugerimos que trabaje en esta área problemática. Rellene las columnas H-J",IF(AND(C18<2,C18>0),"Ha obtenido una puntuación baja en esta área. Le recomendamos encarecidamente que trabaje en esta área problemática. Rellene las columnas H-J",IF(C18=0,"Esta área no es aplicable a su empresa.","")))) -> Esta área no es aplicable a su empresa. | E18: 3. Políticas y prácticas de RRHH con perspectiva de género | F18: Los/as (futuros/as) padres, madres y cuidadores/as tienen las mismas condiciones laborales que los demás | G18: Crear iniciativas sólidas para facilitar las condiciones de trabajo de los/as (futuros/as) padres, madres y cuidadores/as, además del trabajo a tiempo parcial, el trabajo a distancia y los horarios flexibles. Por ejemplo, ofrecer salas de lactancia, guarderías in situ, tiempo libre personal adicional para responsabilidades de cuidado, etc. | K18: =IFERROR(VLOOKUP($I18,'Idea prioritization list'!$D$1:$E$3,2,0),0)+IFERROR(VLOOKUP($H18,'Idea prioritization list'!$D$1:$E$3,2,0),0)+IFERROR(VLOOKUP($J18,'Idea prioritization list'!$D$1:$E$3,2,0),0) -> 0
B19: 3.6 ¿Permite generalmente su organización el trabajo a tiempo parcial tanto para mujeres como para hombres? | C19: ='Assessment answers'!B23 -> 0 | D19: =IF(C19>=3,"Ha obtenido una buena puntuación en esta área. Centre sus esfuerzos en otras áreas problemáticas.",IF(AND(C19<3,C19>=2),"Ha obtenido una puntuación por debajo de la media en esta área. Le sugerimos que trabaje en esta área problemática. Rellene las columnas H-J",IF(AND(C19<2,C19>0),"Ha obtenido una puntuación baja en esta área. Le recomendamos encarecidamente que trabaje en esta área problemática. Rellene las columnas H-J",IF(C19=0,"Esta área no es aplicable a su empresa.","")))) -> Esta área no es aplicable a su empresa. | E19: 3. Políticas y prácticas de RRHH con perspectiva de género | F19: No se permite la jornada parcial | G19: Permitir el trabajo a tiempo parcial a todos los/as empleados/as, independientemente de su género o situación personal | K19: =IFERROR(VLOOKUP($I19,'Idea prioritization list'!$D$1:$E$3,2,0),0)+IFERROR(VLOOKUP($H19,'Idea prioritization list'!$D$1:$E$3,2,0),0)+IFERROR(VLOOKUP($J19,'Idea prioritization list'!$D$1:$E$3,2,0),0) -> 0
B20: 3.7 ¿Ofrece su organización flexibilidad para trabajar a distancia (excluida la normativa COVID-19)? | C20: ='Assessment answers'!B24 -> 0 | D20: =IF(C20>=3,"Ha obtenido una buena puntuación en esta área. Centre sus esfuerzos en otras áreas problemáticas.",IF(AND(C20<3,C20>=2),"Ha obtenido una puntuación por debajo de la media en esta área. Le sugerimos que trabaje en esta área problemática. Rellene las columnas H-J",IF(AND(C20<2,C20>0),"Ha obtenido una puntuación baja en esta área. Le recomendamos encarecidamente que trabaje en esta área problemática. Rellene las columnas H-J",IF(C20=0,"Esta área no es aplicable a su empresa.","")))) -> Esta área no es aplicable a su empresa. | E20: 3. Políticas y prácticas de RRHH con perspectiva de género | F20: No se permite el trabajo a distancia | G20: Animar a los/as empleados/as a trabajar a distancia siempre que sea necesario y/o permitir el trabajo a distancia al menos 1 día a la semana | K20: =IFERROR(VLOOKUP($I20,'Idea prioritization list'!$D$1:$E$3,2,0),0)+IFERROR(VLOOKUP($H20,'Idea prioritization list'!$D$1:$E$3,2,0),0)+IFERROR(VLOOKUP($J20,'Idea prioritization list'!$D$1:$E$3,2,0),0) -> 0
B21: 3.8 ¿Dispone su organización de políticas para prevenir y abordar el acoso sexual? (p. ej., dónde/cómo denunciar, consecuencias, etc.) | C21: ='Assessment answers'!B25 -> 0 | D21: =IF(C21>=3,"Ha obtenido una buena puntuación en esta área. Centre sus esfuerzos en otras áreas problemáticas.",IF(AND(C21<3,C21>=2),"Ha obtenido una puntuación por debajo de la media en esta área. Le sugerimos que trabaje en esta área problemática. Rellene las columnas H-J",IF(AND(C21<2,C21>0),"Ha obtenido una puntuación baja en esta área. Le recomendamos encarecidamente que trabaje en esta área problemática. Rellene las columnas H-J",IF(C21=0,"Esta área no es aplicable a su empresa.","")))) -> Esta área no es aplicable a su empresa. | E21: 3. Políticas y prácticas de RRHH con perspectiva de género | F21: No existen políticas sobre acoso sexual | G21: Diseñar una política contra el acoso sexual que incluye un proceso/canal específico para denunciar los casos a una persona especializada y con conocimientos (p. ej., un defensor del pueblo, un mediador), que está a disposición de los/as empleados/as que quieran hablar de cualquier tipo de situación, manteniendo la confidencialidad. El proceso para tratar los casos también está claramente definido | K21: =IFERROR(VLOOKUP($I21,'Idea prioritization list'!$D$1:$E$3,2,0),0)+IFERROR(VLOOKUP($H21,'Idea prioritization list'!$D$1:$E$3,2,0),0)+IFERROR(VLOOKUP($J21,'Idea prioritization list'!$D$1:$E$3,2,0),0) -> 0
B22: 3.9 ¿Ofrece su organización formación sobre sesgos de género a los/as empleados/as y a la dirección (es decir, para que todos/as comprendan que tienen sesgos y cómo abordarlos o mitigarlos)? | C22: ='Assessment answers'!B26 -> 0 | D22: =IF(C22>=3,"Ha obtenido una buena puntuación en esta área. Centre sus esfuerzos en otras áreas problemáticas.",IF(AND(C22<3,C22>=2),"Ha obtenido una puntuación por debajo de la media en esta área. Le sugerimos que trabaje en esta área problemática. Rellene las columnas H-J",IF(AND(C22<2,C22>0),"Ha obtenido una puntuación baja en esta área. Le recomendamos encarecidamente que trabaje en esta área problemática. Rellene las columnas H-J",IF(C22=0,"Esta área no es aplicable a su empresa.","")))) -> Esta área no es aplicable a su empresa. | E22: 3. Políticas y prácticas de RRHH con perspectiva de género | F22: El equipo no es consciente de sus propios prejuicios de género y/o de cómo mitigarlo | G22: Orecer una formación obligatoria para los/as empleados/as de todas las funciones y niveles jerárquicos | K22: =IFERROR(VLOOKUP($I22,'Idea prioritization list'!$D$1:$E$3,2,0),0)+IFERROR(VLOOKUP($H22,'Idea prioritization list'!$D$1:$E$3,2,0),0)+IFERROR(VLOOKUP($J22,'Idea prioritization list'!$D$1:$E$3,2,0),0) -> 0
B23: 3.10 ¿Proporciona su organización "feedback" de manera diferenciada según el género, teniendo en cuenta las necesidades y preferencias específicas relacionadas con el género? | C23: ='Assessment answers'!B27 -> 0 | D23: =IF(C23>=3,"Ha obtenido una buena puntuación en esta área. Centre sus esfuerzos en otras áreas problemáticas.",IF(AND(C23<3,C23>=2),"Ha obtenido una puntuación por debajo de la media en esta área. Le sugerimos que trabaje en esta área problemática. Rellene las columnas H-J",IF(AND(C23<2,C23>0),"Ha obtenido una puntuación baja en esta área. Le recomendamos encarecidamente que trabaje en esta área problemática. Rellene las columnas H-J",IF(C23=0,"Esta área no es aplicable a su empresa.","")))) -> Esta área no es aplicable a su empresa. | E23: 3. Políticas y prácticas de RRHH con perspectiva de género | F23: El "feedback" se proporciona de la misma manera a hombres y mujeres, sin tener en cuenta las necesidades y preferencias específicas de cada género | G23: Todos/as los/as supervisores/as están formados/as para ofrecer "feedback" diferenciado en función del género de los/as empleados/as (p. ej. utilizando "feedback" centrado en los puntos fuertes con los/as empleados/as más inseguros/as) | K23: =IFERROR(VLOOKUP($I23,'Idea prioritization list'!$D$1:$E$3,2,0),0)+IFERROR(VLOOKUP($H23,'Idea prioritization list'!$D$1:$E$3,2,0),0)+IFERROR(VLOOKUP($J23,'Idea prioritization list'!$D$1:$E$3,2,0),0) -> 0
B24: 3.11 ¿Recoge su organización datos desglosados por género relativos a los recursos humanos, los analiza y actúa en consecuencia? | C24: ='Assessment answers'!B28 -> 0 | D24: =IF(C24>=3,"Ha obtenido una buena puntuación en esta área. Centre sus esfuerzos en otras áreas problemáticas.",IF(AND(C24<3,C24>=2),"Ha obtenido una puntuación por debajo de la media en esta área. Le sugerimos que trabaje en esta área problemática. Rellene las columnas H-J",IF(AND(C24<2,C24>0),"Ha obtenido una puntuación baja en esta área. Le recomendamos encarecidamente que trabaje en esta área problemática. Rellene las columnas H-J",IF(C24=0,"Esta área no es aplicable a su empresa.","")))) -> Esta área no es aplicable a su empresa. | E24: 3. Políticas y prácticas de RRHH con perspectiva de género | F24: La organización no recopila, analiza y/o actúa a partir de datos desglosados por género relacionados con los recursos humanos | G24: Recopilar y analizar sistemáticamente datos desglosados por género relativos a todos los procedimientos de recursos humanos, con vistas a mejorar el lugar de trabajo para todos/as los/as empleados/as | K24: =IFERROR(VLOOKUP($I24,'Idea prioritization list'!$D$1:$E$3,2,0),0)+IFERROR(VLOOKUP($H24,'Idea prioritization list'!$D$1:$E$3,2,0),0)+IFERROR(VLOOKUP($J24,'Idea prioritization list'!$D$1:$E$3,2,0),0) -> 0
B25: 4.1 ¿Qué proporción (%) de los miembros del Consejo de administración de su organización son mujeres? | C25: ='Assessment answers'!B30 -> 0 | D25: =IF(C25>=3,"Ha obtenido una buena puntuación en esta área. Centre sus esfuerzos en otras áreas problemáticas.",IF(AND(C25<3,C25>=2),"Ha obtenido una puntuación por debajo de la media en esta área. Le sugerimos que trabaje en esta área problemática. Rellene las columnas H-J",IF(AND(C25<2,C25>0),"Ha obtenido una puntuación baja en esta área. Le recomendamos encarecidamente que trabaje en esta área problemática. Rellene las columnas H-J",IF(C25=0,"Esta área no es aplicable a su empresa.","")))) -> Esta área no es aplicable a su empresa. | E25: 4. Diversidad en el Consejo de administración | F25: Un género está subrepresentado en el Consejo de administración | G25: Crear un proceso sólido para buscar e incorporar miembros del género subrepresentado en el Consejo (p. ej. ampliando la reserva de candidatos/as a perfiles no tradicionales, presentando un discurso promocional ajustado a lo que valor a el género subrepresentado) | K25: =IFERROR(VLOOKUP($I25,'Idea prioritization list'!$D$1:$E$3,2,0),0)+IFERROR(VLOOKUP($H25,'Idea prioritization list'!$D$1:$E$3,2,0),0)+IFERROR(VLOOKUP($J25,'Idea prioritization list'!$D$1:$E$3,2,0),0) -> 0
B26: 4.2 ¿Trata su organización de incorporar activamente miembros del género subrepresentado en el Consejo? | C26: ='Assessment answers'!B31 -> 0 | D26: =IF(C26>=3,"Ha obtenido una buena puntuación en esta área. Centre sus esfuerzos en otras áreas problemáticas.",IF(AND(C26<3,C26>=2),"Ha obtenido una puntuación por debajo de la media en esta área. Le sugerimos que trabaje en esta área problemática. Rellene las columnas H-J",IF(AND(C26<2,C26>0),"Ha obtenido una puntuación baja en esta área. Le recomendamos encarecidamente que trabaje en esta área problemática. Rellene las columnas H-J",IF(C26=0,"Esta área no es aplicable a su empresa.","")))) -> Esta área no es aplicable a su empresa. | E26: 4. Diversidad en el Consejo de administración | F26: La organización no realiza ningún esfuerzo específico para garantizar la representación equitativa de género en el Consejo de administración, ni tiene objetivos para ello | G26: Crear un proceso sólido para buscar e incorporar miembros del género subrepresentado en el Consejo (p. ej. ampliando la reserva de candidatos/as a perfiles no tradicionales, presentando un discurso promocional ajustado a lo que valor a el género subrepresentado) | K26: =IFERROR(VLOOKUP($I26,'Idea prioritization list'!$D$1:$E$3,2,0),0)+IFERROR(VLOOKUP($H26,'Idea prioritization list'!$D$1:$E$3,2,0),0)+IFERROR(VLOOKUP($J26,'Idea prioritization list'!$D$1:$E$3,2,0),0) -> 0
B27: 5.1 ¿Realiza su organización estudios sobre los/as clientes/as para conocer sus preferencias y necesidades desglosadas por género? | C27: ='Assessment answers'!B33 -> 0 | D27: =IF(C27>=3,"Ha obtenido una buena puntuación en esta área. Centre sus esfuerzos en otras áreas problemáticas.",IF(AND(C27<3,C27>=2),"Ha obtenido una puntuación por debajo de la media en esta área. Le sugerimos que trabaje en esta área problemática. Rellene las columnas H-J",IF(AND(C27<2,C27>0),"Ha obtenido una puntuación baja en esta área. Le recomendamos encarecidamente que trabaje en esta área problemática. Rellene las columnas H-J",IF(C27=0,"Esta área no es aplicable a su empresa.","")))) -> Esta área no es aplicable a su empresa. | E27: 5. Diseño de productos y estudios de mercado con perspectiva de género | F27: La organización no realiza estudios sobre los/as clientes/as para conocer sus preferencias y necesidades de forma desglosada por género | G27: Investigar sistemáticamente a los/as clientes/as para conocer sus necesidades y preferencias desglosadas por género en todos los productos/servicios | K27: =IFERROR(VLOOKUP($I27,'Idea prioritization list'!$D$1:$E$3,2,0),0)+IFERROR(VLOOKUP($H27,'Idea prioritization list'!$D$1:$E$3,2,0),0)+IFERROR(VLOOKUP($J27,'Idea prioritization list'!$D$1:$E$3,2,0),0) -> 0
B28: 5.2 ¿Tiene en cuenta su organización los aspectos relacionados con el género en el desarrollo de sus principales productos/servicios? | C28: ='Assessment answers'!B34 -> 0 | D28: =IF(C28>=3,"Ha obtenido una buena puntuación en esta área. Centre sus esfuerzos en otras áreas problemáticas.",IF(AND(C28<3,C28>=2),"Ha obtenido una puntuación por debajo de la media en esta área. Le sugerimos que trabaje en esta área problemática. Rellene las columnas H-J",IF(AND(C28<2,C28>0),"Ha obtenido una puntuación baja en esta área. Le recomendamos encarecidamente que trabaje en esta área problemática. Rellene las columnas H-J",IF(C28=0,"Esta área no es aplicable a su empresa.","")))) -> Esta área no es aplicable a su empresa. | E28: 5. Diseño de productos y estudios de mercado con perspectiva de género | F28: La organización no tiene en cuenta los aspectos relacionados con el género en el desarrollo del producto o servicio principal | G28: Integrar sistemáticamente las necesidades y preferencias específicas de mujeres y hombres en el desarrollo de la gama de productos, buscando nuevas oportunidades de mercado no aprovechadas | K28: =IFERROR(VLOOKUP($I28,'Idea prioritization list'!$D$1:$E$3,2,0),0)+IFERROR(VLOOKUP($H28,'Idea prioritization list'!$D$1:$E$3,2,0),0)+IFERROR(VLOOKUP($J28,'Idea prioritization list'!$D$1:$E$3,2,0),0) -> 0
B29: 5.3 ¿Personaliza su organización las características de sus productos/servicios para responder a las necesidades específicas de las mujeres/hombres? (p. ej., cambiar la talla, el color, las condiciones) | C29: ='Assessment answers'!B35 -> 0 | D29: =IF(C29>=3,"Ha obtenido una buena puntuación en esta área. Centre sus esfuerzos en otras áreas problemáticas.",IF(AND(C29<3,C29>=2),"Ha obtenido una puntuación por debajo de la media en esta área. Le sugerimos que trabaje en esta área problemática. Rellene las columnas H-J",IF(AND(C29<2,C29>0),"Ha obtenido una puntuación baja en esta área. Le recomendamos encarecidamente que trabaje en esta área problemática. Rellene las columnas H-J",IF(C29=0,"Esta área no es aplicable a su empresa.","")))) -> Esta área no es aplicable a su empresa. | E29: 5. Diseño de productos y estudios de mercado con perspectiva de género | F29: La organización no personaliza las características de los productos/servicios para responder a las necesidades específicas de las mujeres/hombres (p. ej., cambiar la talla, el color, las condiciones) | G29: Integrar sistemáticamente las necesidades y preferencias específicas de mujeres y hombres en el desarrollo de la gama de productos, buscando nuevas oportunidades de mercado no aprovechadas | K29: =IFERROR(VLOOKUP($I29,'Idea prioritization list'!$D$1:$E$3,2,0),0)+IFERROR(VLOOKUP($H29,'Idea prioritization list'!$D$1:$E$3,2,0),0)+IFERROR(VLOOKUP($J29,'Idea prioritization list'!$D$1:$E$3,2,0),0) -> 0
B30: 6.1 ¿Los materiales de marketing de su organización están sesgados por género (p.ej., dirigidos mayormente a un género o reforzando estereotipos de género tradicionales)? | C30: ='Assessment answers'!B37 -> 0 | D30: =IF(C30>=3,"Ha obtenido una buena puntuación en esta área. Centre sus esfuerzos en otras áreas problemáticas.",IF(AND(C30<3,C30>=2),"Ha obtenido una puntuación por debajo de la media en esta área. Le sugerimos que trabaje en esta área problemática. Rellene las columnas H-J",IF(AND(C30<2,C30>0),"Ha obtenido una puntuación baja en esta área. Le recomendamos encarecidamente que trabaje en esta área problemática. Rellene las columnas H-J",IF(C30=0,"Esta área no es aplicable a su empresa.","")))) -> Esta área no es aplicable a su empresa. | E30: 6. Marketing y comunicación con perspectiva de género | F30: La organización no es consciente de cómo su material de marketing podría tener prejuicios de género | G30: Intentar conscientemente contrarrestar los estereotipos de género y apelar a una amplia gama de aspiraciones y estilos de vida en los materiales de marketing | K30: =IFERROR(VLOOKUP($I30,'Idea prioritization list'!$D$1:$E$3,2,0),0)+IFERROR(VLOOKUP($H30,'Idea prioritization list'!$D$1:$E$3,2,0),0)+IFERROR(VLOOKUP($J30,'Idea prioritization list'!$D$1:$E$3,2,0),0) -> 0
B31: 6.2 Si su organización se dirige a clientes/as de todos los géneros, ¿dispone de materiales de marketing diferenciados por género? (p.ej. diferentes mensajes de marketing que reflejen las diferentes razones de compra entre mujeres y hombres) | C31: ='Assessment answers'!B38 -> 0 | D31: =IF(C31>=3,"Ha obtenido una buena puntuación en esta área. Centre sus esfuerzos en otras áreas problemáticas.",IF(AND(C31<3,C31>=2),"Ha obtenido una puntuación por debajo de la media en esta área. Le sugerimos que trabaje en esta área problemática. Rellene las columnas H-J",IF(AND(C31<2,C31>0),"Ha obtenido una puntuación baja en esta área. Le recomendamos encarecidamente que trabaje en esta área problemática. Rellene las columnas H-J",IF(C31=0,"Esta área no es aplicable a su empresa.","")))) -> Esta área no es aplicable a su empresa. | E31: 6. Marketing y comunicación con perspectiva de género | F31: Aunque la organización tiene clientes/as de todos los géneros, el marketing se dirige principalmente a uno de ellos | G31: Tener en cuenta los hábitos de compra y las preferencias de hombres y mujeres a la hora de crear materiales de marketing. Cuando proceda, desarrollar estrategias de marketing diferenciadas para atraer a mujeres y hombres (p. ej., adaptando el mensaje, los canales y los elementos visuales) | K31: =IFERROR(VLOOKUP($I31,'Idea prioritization list'!$D$1:$E$3,2,0),0)+IFERROR(VLOOKUP($H31,'Idea prioritization list'!$D$1:$E$3,2,0),0)+IFERROR(VLOOKUP($J31,'Idea prioritization list'!$D$1:$E$3,2,0),0) -> 0
B32: 6.3 Si su organización se dirige a clientes/as de todos los géneros, ¿dispone de una estrategia de ventas diferenciada por género? (p. ej., diferentes lugares/enfoques, puntos de venta diferenciados) | C32: ='Assessment answers'!B39 -> 0 | D32: =IF(C32>=3,"Ha obtenido una buena puntuación en esta área. Centre sus esfuerzos en otras áreas problemáticas.",IF(AND(C32<3,C32>=2),"Ha obtenido una puntuación por debajo de la media en esta área. Le sugerimos que trabaje en esta área problemática. Rellene las columnas H-J",IF(AND(C32<2,C32>0),"Ha obtenido una puntuación baja en esta área. Le recomendamos encarecidamente que trabaje en esta área problemática. Rellene las columnas H-J",IF(C32=0,"Esta área no es aplicable a su empresa.","")))) -> Esta área no es aplicable a su empresa. | E32: 6. Marketing y comunicación con perspectiva de género | F32: Aunque la organización tiene clientes/as de todos los géneros, las ventas se dirigen principalmente a uno de ellos | G32: Tener en cuenta los hábitos de compra y las preferencias de hombres y mujeres a la hora de crear materiales de marketing. Cuando proceda, desarrollar estrategias de marketing diferenciadas para atraer a mujeres y hombres (p. ej., adaptando el mensaje, los canales y los elementos visuales) | K32: =IFERROR(VLOOKUP($I32,'Idea prioritization list'!$D$1:$E$3,2,0),0)+IFERROR(VLOOKUP($H32,'Idea prioritization list'!$D$1:$E$3,2,0),0)+IFERROR(VLOOKUP($J32,'Idea prioritization list'!$D$1:$E$3,2,0),0) -> 0
B33: 6.4 Si su organización se dirige a clientes/as de todos los géneros, ¿recoge, analiza y actúa sobre el impacto de su negocio de forma desglosada por género? | C33: ='Assessment answers'!B40 -> 0 | D33: =IF(C33>=3,"Ha obtenido una buena puntuación en esta área. Centre sus esfuerzos en otras áreas problemáticas.",IF(AND(C33<3,C33>=2),"Ha obtenido una puntuación por debajo de la media en esta área. Le sugerimos que trabaje en esta área problemática. Rellene las columnas H-J",IF(AND(C33<2,C33>0),"Ha obtenido una puntuación baja en esta área. Le recomendamos encarecidamente que trabaje en esta área problemática. Rellene las columnas H-J",IF(C33=0,"Esta área no es aplicable a su empresa.","")))) -> Esta área no es aplicable a su empresa. | E33: 6. Marketing y comunicación con perspectiva de género | F33: Aunque la organización tiene clientes/as de todos los géneros, no recopila, analiza ni actúa sobre el impacto de la actividad empresarial de forma desglosada por género | G33: Recopilar y analizar sistemáticamente datos desglosados por género en los estudios de mercado y de impacto empresarial, con vistas a mejorar el producto/servicio para todos/as los/as clientes/as | K33: =IFERROR(VLOOKUP($I33,'Idea prioritization list'!$D$1:$E$3,2,0),0)+IFERROR(VLOOKUP($H33,'Idea prioritization list'!$D$1:$E$3,2,0),0)+IFERROR(VLOOKUP($J33,'Idea prioritization list'!$D$1:$E$3,2,0),0) -> 0
B34: 7.1 ¿Qué proporción (%) del personal de ventas de su organización (tanto agentes de ventas internos/as como subcontratados/intermediarios/as) son mujeres? | C34: ='Assessment answers'!B42 -> 0 | D34: =IF(C34>=3,"Ha obtenido una buena puntuación en esta área. Centre sus esfuerzos en otras áreas problemáticas.",IF(AND(C34<3,C34>=2),"Ha obtenido una puntuación por debajo de la media en esta área. Le sugerimos que trabaje en esta área problemática. Rellene las columnas H-J",IF(AND(C34<2,C34>0),"Ha obtenido una puntuación baja en esta área. Le recomendamos encarecidamente que trabaje en esta área problemática. Rellene las columnas H-J",IF(C34=0,"Esta área no es aplicable a su empresa.","")))) -> Esta área no es aplicable a su empresa. | E34: 7. Diversidad en los equipos de distribución y ventas | F34: Un género está subrepresentado en el equipo de ventas | G34: Crear un sólido proceso para contratar a comerciales del género subrepresentado en el personal de ventas (p. ej., enfoques de inscripción innovadores, ampliación de la reserva de candidatos/as a perfiles no tradicionales), y esforzarse constantemente por retenerlos/as | K34: =IFERROR(VLOOKUP($I34,'Idea prioritization list'!$D$1:$E$3,2,0),0)+IFERROR(VLOOKUP($H34,'Idea prioritization list'!$D$1:$E$3,2,0),0)+IFERROR(VLOOKUP($J34,'Idea prioritization list'!$D$1:$E$3,2,0),0) -> 0
B35: 7.2 ¿Trata su organización activamente de contratar y retener a comerciales del género subrepresentado en su personal de ventas? | C35: ='Assessment answers'!B43 -> 0 | D35: =IF(C35>=3,"Ha obtenido una buena puntuación en esta área. Centre sus esfuerzos en otras áreas problemáticas.",IF(AND(C35<3,C35>=2),"Ha obtenido una puntuación por debajo de la media en esta área. Le sugerimos que trabaje en esta área problemática. Rellene las columnas H-J",IF(AND(C35<2,C35>0),"Ha obtenido una puntuación baja en esta área. Le recomendamos encarecidamente que trabaje en esta área problemática. Rellene las columnas H-J",IF(C35=0,"Esta área no es aplicable a su empresa.","")))) -> Esta área no es aplicable a su empresa. | E35: 7. Diversidad en los equipos de distribución y ventas | F35: La organización no hace ningún esfuerzo específico para garantizar la representación equitativa de género en el personal de ventas, ni tiene objetivos para ello | G35: Crear un sólido proceso para contratar a comerciales del género subrepresentado en el personal de ventas (p. ej., enfoques de inscripción innovadores, ampliación de la reserva de candidatos/as a perfiles no tradicionales), y esforzarse constantemente por retenerlos/as | K35: =IFERROR(VLOOKUP($I35,'Idea prioritization list'!$D$1:$E$3,2,0),0)+IFERROR(VLOOKUP($H35,'Idea prioritization list'!$D$1:$E$3,2,0),0)+IFERROR(VLOOKUP($J35,'Idea prioritization list'!$D$1:$E$3,2,0),0) -> 0
B36: 7.3 ¿Dispone su organización de políticas especiales para garantizar que los comerciales puedan realizar su trabajo de forma segura y productiva teniendo en cuenta las cuestiones específicas de género? (p.ej. transporte nocturno, políticas de gestión de efectivo) | C36: ='Assessment answers'!B44 -> 0 | D36: =IF(C36>=3,"Ha obtenido una buena puntuación en esta área. Centre sus esfuerzos en otras áreas problemáticas.",IF(AND(C36<3,C36>=2),"Ha obtenido una puntuación por debajo de la media en esta área. Le sugerimos que trabaje en esta área problemática. Rellene las columnas H-J",IF(AND(C36<2,C36>0),"Ha obtenido una puntuación baja en esta área. Le recomendamos encarecidamente que trabaje en esta área problemática. Rellene las columnas H-J",IF(C36=0,"Esta área no es aplicable a su empresa.","")))) -> Esta área no es aplicable a su empresa. | E36: 7. Diversidad en los equipos de distribución y ventas | F36: No existen políticas que garanticen que los comerciales puedan desempeñar su trabajo de forma segura y productiva teniendo en cuenta las cuestiones específicas de género | G36: Diseñar un sólido proceso para garantizar la productividad y la seguridad del personal de ventas teniendo en cuenta las cuestiones específicas de género, y tratar de mejorar sus condiciones de trabajo basándose en continuos comentarios y sugerencias | K36: =IFERROR(VLOOKUP($I36,'Idea prioritization list'!$D$1:$E$3,2,0),0)+IFERROR(VLOOKUP($H36,'Idea prioritization list'!$D$1:$E$3,2,0),0)+IFERROR(VLOOKUP($J36,'Idea prioritization list'!$D$1:$E$3,2,0),0) -> 0
B37: 8.1 ¿Recoge su organización datos de clientes/as desglosados por género (p. ej. satisfacción del cliente por género), los analiza y actúa en consecuencia para comprender y atender mejor a sus clientes/as? | C37: ='Assessment answers'!B46 -> 0 | D37: =IF(C37>=3,"Ha obtenido una buena puntuación en esta área. Centre sus esfuerzos en otras áreas problemáticas.",IF(AND(C37<3,C37>=2),"Ha obtenido una puntuación por debajo de la media en esta área. Le sugerimos que trabaje en esta área problemática. Rellene las columnas H-J",IF(AND(C37<2,C37>0),"Ha obtenido una puntuación baja en esta área. Le recomendamos encarecidamente que trabaje en esta área problemática. Rellene las columnas H-J",IF(C37=0,"Esta área no es aplicable a su empresa.","")))) -> Esta área no es aplicable a su empresa. | E37: 8. Atención al cliente con perspectiva de género | F37: Los datos de los/as clientes/as de la organización no están desglosados por género | G37: Recopilar y analizar sistemáticamente datos de clientes/as desglosados por género, con vistas a ofrecer un mejor servicio al cliente | K37: =IFERROR(VLOOKUP($I37,'Idea prioritization list'!$D$1:$E$3,2,0),0)+IFERROR(VLOOKUP($H37,'Idea prioritization list'!$D$1:$E$3,2,0),0)+IFERROR(VLOOKUP($J37,'Idea prioritization list'!$D$1:$E$3,2,0),0) -> 0
B38: 9.1 Si su organización trabaja con proveedores/as estratégicos/as (p. ej. una cooperativa de agricultores/as para un/a productor/a de alimentos, pequeños/as artesanos/as para un/a minorista de artesanía), ¿qué proporción (%) de estos/as proveedores/as son mujeres u organizaciones dirigidas por mujeres? | C38: ='Assessment answers'!B48 -> 0 | D38: =IF(C38>=3,"Ha obtenido una buena puntuación en esta área. Centre sus esfuerzos en otras áreas problemáticas.",IF(AND(C38<3,C38>=2),"Ha obtenido una puntuación por debajo de la media en esta área. Le sugerimos que trabaje en esta área problemática. Rellene las columnas H-J",IF(AND(C38<2,C38>0),"Ha obtenido una puntuación baja en esta área. Le recomendamos encarecidamente que trabaje en esta área problemática. Rellene las columnas H-J",IF(C38=0,"Esta área no es aplicable a su empresa.","")))) -> Esta área no es aplicable a su empresa. | E38: 9. Selección de proveedores/as estratégicos/as con perspectiva de género | F38: Un género está subrepresentado en el equipo y/o la dirección de los/as proveedores/as estratégicos/as de la organización | G38: Hacer un seguimiento sistemático de diversos indicadores de género (p. ej., políticas de integración de la perspectiva de género aplicadas) y tenerlos en cuenta en la selección | K38: =IFERROR(VLOOKUP($I38,'Idea prioritization list'!$D$1:$E$3,2,0),0)+IFERROR(VLOOKUP($H38,'Idea prioritization list'!$D$1:$E$3,2,0),0)+IFERROR(VLOOKUP($J38,'Idea prioritization list'!$D$1:$E$3,2,0),0) -> 0
B39: 9.2 Si su organización trabaja con proveedores/as estratégicos/as, ¿hace un seguimiento del nivel de compromiso con la inclusión de género de sus proveedores/as estratégicos/as? | C39: ='Assessment answers'!B49 -> 0 | D39: =IF(C39>=3,"Ha obtenido una buena puntuación en esta área. Centre sus esfuerzos en otras áreas problemáticas.",IF(AND(C39<3,C39>=2),"Ha obtenido una puntuación por debajo de la media en esta área. Le sugerimos que trabaje en esta área problemática. Rellene las columnas H-J",IF(AND(C39<2,C39>0),"Ha obtenido una puntuación baja en esta área. Le recomendamos encarecidamente que trabaje en esta área problemática. Rellene las columnas H-J",IF(C39=0,"Esta área no es aplicable a su empresa.","")))) -> Esta área no es aplicable a su empresa. | E39: 9. Selección de proveedores/as estratégicos/as con perspectiva de género | F39: La organización no realiza un seguimiento del nivel de compromiso con la inclusión de género de sus proveedores/as estratégicos/as | G39: Hacer un seguimiento sistemático de diversos indicadores de género (p. ej., políticas de integración de la perspectiva de género aplicadas) y tenerlos en cuenta en la selección | K39: =IFERROR(VLOOKUP($I39,'Idea prioritization list'!$D$1:$E$3,2,0),0)+IFERROR(VLOOKUP($H39,'Idea prioritization list'!$D$1:$E$3,2,0),0)+IFERROR(VLOOKUP($J39,'Idea prioritization list'!$D$1:$E$3,2,0),0) -> 0
B40: 9.3 Si su organización trabaja con proveedores/as estratégicos/as, ¿intenta activamente seleccionar proveedores/as que estén comprometidos/as con la inclusión de género (p. ej., que tengan una plantilla equilibrada en cuanto al género, políticas de integración de la perspectiva de género)? | C40: ='Assessment answers'!B50 -> 0 | D40: =IF(C40>=3,"Ha obtenido una buena puntuación en esta área. Centre sus esfuerzos en otras áreas problemáticas.",IF(AND(C40<3,C40>=2),"Ha obtenido una puntuación por debajo de la media en esta área. Le sugerimos que trabaje en esta área problemática. Rellene las columnas H-J",IF(AND(C40<2,C40>0),"Ha obtenido una puntuación baja en esta área. Le recomendamos encarecidamente que trabaje en esta área problemática. Rellene las columnas H-J",IF(C40=0,"Esta área no es aplicable a su empresa.","")))) -> Esta área no es aplicable a su empresa. | E40: 9. Selección de proveedores/as estratégicos/as con perspectiva de género | F40: La organización no realiza ningún esfuerzo específico para garantizar que sus proveedores/as estratégicos/as estén comprometidos/as con la inclusión de género, ni tiene objetivos para ello | G40: Crear un proceso sólido para encontrar proveedores/as estratégicos/as comprometidos/as con la inclusión de género (p. ej. ampliando la cartera de proveedores/as) y atraerlos/as (p. ej. ajustando el discurso promocional) | K40: =IFERROR(VLOOKUP($I40,'Idea prioritization list'!$D$1:$E$3,2,0),0)+IFERROR(VLOOKUP($H40,'Idea prioritization list'!$D$1:$E$3,2,0),0)+IFERROR(VLOOKUP($J40,'Idea prioritization list'!$D$1:$E$3,2,0),0) -> 0
B41: 9.4 Si su organización trabaja con proveedores/as estratégicos/as, ¿hace un seguimiento de su rendimiento desglosado por género? | C41: ='Assessment answers'!B51 -> 0 | D41: =IF(C41>=3,"Ha obtenido una buena puntuación en esta área. Centre sus esfuerzos en otras áreas problemáticas.",IF(AND(C41<3,C41>=2),"Ha obtenido una puntuación por debajo de la media en esta área. Le sugerimos que trabaje en esta área problemática. Rellene las columnas H-J",IF(AND(C41<2,C41>0),"Ha obtenido una puntuación baja en esta área. Le recomendamos encarecidamente que trabaje en esta área problemática. Rellene las columnas H-J",IF(C41=0,"Esta área no es aplicable a su empresa.","")))) -> Esta área no es aplicable a su empresa. | E41: 9. Selección de proveedores/as estratégicos/as con perspectiva de género | F41: Los datos sobre el rendimiento de los/as proveedores/as no están desglosados por género | G41: Recopilar y analizar sistemáticamente datos desglosados por género sobre el rendimiento de los/as proveedores/as, con vistas a mejorar la selección de los/as proveedores/as estratégicos/as | K41: =IFERROR(VLOOKUP($I41,'Idea prioritization list'!$D$1:$E$3,2,0),0)+IFERROR(VLOOKUP($H41,'Idea prioritization list'!$D$1:$E$3,2,0),0)+IFERROR(VLOOKUP($J41,'Idea prioritization list'!$D$1:$E$3,2,0),0) -> 0
B42: 10.1 Si su organización trabaja con proveedores/as estratégicos/as, ¿les ofrece formación centrada en cuestiones de género? | C42: ='Assessment answers'!B53 -> 0 | D42: =IF(C42>=3,"Ha obtenido una buena puntuación en esta área. Centre sus esfuerzos en otras áreas problemáticas.",IF(AND(C42<3,C42>=2),"Ha obtenido una puntuación por debajo de la media en esta área. Le sugerimos que trabaje en esta área problemática. Rellene las columnas H-J",IF(AND(C42<2,C42>0),"Ha obtenido una puntuación baja en esta área. Le recomendamos encarecidamente que trabaje en esta área problemática. Rellene las columnas H-J",IF(C42=0,"Esta área no es aplicable a su empresa.","")))) -> Esta área no es aplicable a su empresa. | E42: 10. Formación de los proveedores/as estratégicos/as con perspectiva de género | F42: La organización no ofrece formación específica sobre género a los/as proveedores/as estratégicos/as | G42: Diseñar una formación específica sobre cuestiones de género que se ofrece sistemáticamente a todos/as los/as proveedores/as estratégicos/as | K42: =IFERROR(VLOOKUP($I42,'Idea prioritization list'!$D$1:$E$3,2,0),0)+IFERROR(VLOOKUP($H42,'Idea prioritization list'!$D$1:$E$3,2,0),0)+IFERROR(VLOOKUP($J42,'Idea prioritization list'!$D$1:$E$3,2,0),0) -> 0
B43: 10.2 Si su organización trabaja con proveedores/as estratégicos/as, ¿ofrece formación diferenciada por género basada en las necesidades y preferencias específicas relacionadas con el género? | C43: ='Assessment answers'!B54 -> 0 | D43: =IF(C43>=3,"Ha obtenido una buena puntuación en esta área. Centre sus esfuerzos en otras áreas problemáticas.",IF(AND(C43<3,C43>=2),"Ha obtenido una puntuación por debajo de la media en esta área. Le sugerimos que trabaje en esta área problemática. Rellene las columnas H-J",IF(AND(C43<2,C43>0),"Ha obtenido una puntuación baja en esta área. Le recomendamos encarecidamente que trabaje en esta área problemática. Rellene las columnas H-J",IF(C43=0,"Esta área no es aplicable a su empresa.","")))) -> Esta área no es aplicable a su empresa. | E43: 10. Formación de los proveedores/as estratégicos/as con perspectiva de género | F43: La organización ofrece las mismas oportunidades de formación a todos/as sus proveedores/as estratégicos, independientemente de su género | G43: Ofrecer sistemáticamente oportunidades de formación diferenciadas por género a los/as proveedores/as estratégicos/as, con el fin de abordar las necesidades y preferencias específicas de cada género | K43: =IFERROR(VLOOKUP($I43,'Idea prioritization list'!$D$1:$E$3,2,0),0)+IFERROR(VLOOKUP($H43,'Idea prioritization list'!$D$1:$E$3,2,0),0)+IFERROR(VLOOKUP($J43,'Idea prioritization list'!$D$1:$E$3,2,0),0) -> 0

Sheet M2 - Biblioteca de recursos
B1: BIBLIOTECA DE RECURSOS
B2: Objetivo: Aprender más sobre cómo los prejuicios de género afectan a diferentes áreas y temas dentro de las organizaciones, los beneficios de la inclusión de género, las mejores prácticas y ejemplos de cómo otras organizaciones han abordado estos temas Instrucciones: La biblioteca está organizada en 10 temas, agrupados en 3 grandes áreas de funcionamiento de una organización. Para cada tema, puede encontrar: - El recurso todo-en-uno de LeFil: ¡de lectura obligatoria! Un resumen completo pero conciso de todo lo que necesita saber sobre el tema, que incluye una "guía paso a paso" para abordarlo, mejores prácticas, consejos, beneficios esperados, métricas sugeridas para realizar un seguimiento y uno o más casos prácticos que muestran empresas que mejoraron con éxito sus estrategias en esa área - Recursos externos: lecturas adicionales de fuentes externas, para profundizar en el tema desde múltiples perspectivas. Estos recursos se organizan en Lecturas introductorias (resúmenes y artículos que ofrecen una visión general del tema), Artículos de divulgación (lecturas más extensas que ofrecen una visión más profunda, conocimientos y orientación sobre el tema) y Casos prácticos (ejemplos reales relevantes y mejores prácticas relacionadas con el tema). Notas: - Los recursos externos proceden de diversas fuentes externas. Aunque hemos realizado una cuidadosa selección de contenidos de calidad procedentes de fuentes reputadas, los puntos de vista y opiniones expresados en cada recurso son exclusivamente los de los autores originales y no reflejan necesariamente los puntos de vista o posiciones de LeFil Consulting - Aunque nos esforzamos por mantener actualizada la biblioteca de recursos externos, no somos responsables de los cambios o la eliminación de contenidos por parte de los autores originales. Si encuentra algún problema con alguno de los recursos incluidos en esta biblioteca (por ejemplo, un enlace que ya no funciona), le rogamos que nos lo comunique a gender@lefilconsulting.com.
B4: Nº | C4: Área | D4: Tema | E4: Recurso todo-en-uno de LeFil | F4: Recursos externos
F5: Recursos introductorios | G5: Artículos de divulgación | H5: Casos prácticos
B6: Introducción sobre el sesgo de género | E6: N/A | F6: Overview of bias against women | G6: What is gender bias at the workplace | H6: Unconscious gender bias in the workplace: what it is, what it does and what to do about it
G7: Women empowerment principles: equality means business
B9: 1 | C9: Diversidad del personal y del liderazgo | D9: Contratación equilibrada entre géneros | E9: Recurso #1 | F9: EBRD - Gender Equality Works (video) | G9: Gender balance and inclusive cultures. A guide for CEOs | H9: Winning the fight for female talent. How to gain the diversity edge through inclusive recruitment > Driving Inclusive Recruitment through a series of interventions (p. 12) > Adopting a targeted female attraction strategy (p. 22)
F10: 7 steps to promote gender equality in recruiting and hiring | G10: Guide to gender diversity in employment: employer's guide - Recruitment, selection, hiring, promotion and training checklist (p.12) | H10: Supporting early-stage ventures in Sub-Saharan Africa with gender inclusion: A gender lens investing pilot > How to recruit with an inclusive lens: Viamo, Global (p. 16)
F11: The business case for diversity in the workplace is now overwhelming | G11: Delivering through diversity | H11: How Duolingo achieved a 50:50 gender ratio for new software engineer hires
B12: 2 | D12: Promoción y retención equilibradas entre géneros | E12: Recurso #2 | F12: 13 ways to advance gender equity by prioritizing women in executive roles | G12: Women and the labyrinth of leadership | H12: Case study Capgemini: women's leadership development at a global scale
F13: Six strategies to help retain female talent moving forward | H13: Case study Banco Santander: shifting culture to boost gender equality
B14: 3 | D14: Políticas y prácticas de RRHH con perspectiva de género | E14: Recurso #3 | F14: How to create a gender-inclusive workplace | G14: SheWorks: putting gender-smart commitments into practice (IFC) | H14: Understanding the business case for gender equality in the workplace > Case studies of businesses seeking gender equality in Egypt and Palestine (p. 13)
F15: Equal pay counts: what companies can do | G15: Empowering women at work: company policies and practices for gender equality | H15: Advancing gender equality in Africa's off-grid sector - Power Africa
F16: Why paid family leave is good business | G16: The case for equal parental leave: A toolkit for practitioners covering why this policy matters, and how to effectively implement it | H16: Bain & Company: Equalising parental leave
F17: I'm a gay CEO, and this is why parental leave will promote gender equality
F18: How employers can support caregivers coping with increased responsibilities | G18: Work and family: Creating a family-friendly workplace | H18: Case study Banco Bilbao Vizcaya Argentaria (BBVA): levelling the playing field for women in the workplace
F19: In their own words: Why flexible work matters | H19: Case study: Flexible work reduces the gender pay gap and saves money
F20: Supporting women breastfeeding at work: what can employers do? | G20: Breastfeeding support: A practical guide for employers to create breastfeeding-friendly workplaces | H20: Investing in workplace breastfeeding programs and policies > Employer case studies (p. 21)
E21: Recurso #3.1 | F21: How businesses can take the lead in combatting gender-based violence | G21: Write and implement a workplace policy for prevention of sexual harassment | H21: Developing a workplace sexual harassment policy: Lessons from Engendering Industries’ partner, Eko Electricity Distribution Company, in Nigeria
B22: 4 | D22: Diversidad en el Consejo de administración | E22: Recurso #4 | F22: 5 ways to get more women on Boards | G22: Optimizing board effectiveness with gender diversity: are quotas the answer? | H22: Board diversity case study: A tailored program to get more women on Canadian corporate boards [requires free registration]
H23: Case study Relx: improving the gender balance on boards and leadership
B25: 5 | C25: Producto o servicio con perspectiva de género | D25: Diseño de productos y estudio de mercado con perspectiva de género | E25: Recurso #5 | F25: Why ignoring women ist costing financial services money | G25: Gender dimensions of product design | H25: Women and social enterprises: how gender integration can boost entrepreneurial solutions to poverty
F26: One more way the startup world hampers women entrepreneurs | G26: Managing the next decade of women's wealth
B27: 6 | D27: Marketing y comunicación con perspectiva de género | E27: Recurso #6 | F27: Communications & gender check-list: Things to consider | G27: Gender-lens marketing: driving lasting change by championing women | H27: Unilever: Transforming our brand, transforming our advertising
B28: 7 | D28: Diversidad en los equipos de distribución y ventas | E28: Recurso #7 | F28: Why more women should be part of your sales team | G28: 2019 state of gender equality in sales | H28: Women entrepreneurs light the way for solar products in India
F29: Why we need more women in sales | G29: Closing the gender gap in sales leadership
B30: 8 | D30: Atención al cliente con perspectiva de género | E30: Recurso #8 | F30: Fighting bias on the front lines | G30: A business-first approach to gender inclusion: how to think about gender inclusion in small and medium enterprise operations > Tool #4 Customer Care (p. 30) | H30: Case studies in gender integration: Market-based solutions in Cambodia
B32: 9 | C32: Diversidad y equidad en la cadena de suministro | D32: Selección de proveedores/as estratégicos/as con perspectiva de género | E32: Recurso #9 | F32: Female workforces can revolutionize Latin American business. Here's how | G32: Improving opportunities for women in smallholder-based supply chains | H32: Case study Ganni: creating gender equality in fashion
F33: Breaking the glass ceiling for women-led businesses in public procurement: fairness and inclusion through open contracting | G33: Tool suite 2: Women-owned businesses and the supply chain
G34: Supplier diversity best practices
B35: 10 | D35: Formación de los/as proveedores/as estratégicos/as con perspectiva de género | E35: Recurso #10 | F35: Supplier diversity best practice | G35: Women-owned businesses and the supply chain | H35: Boyner Group's supply chain strenghtens women in business

Sheet M3 - Plantilla de iniciativa
N1: PLANTILLA DE INICIATIVA | Y1: PLANTILLA DE INFORME
N2: Objetivo: Identifique todos los elementos necesarios para aplicar con éxito su iniciativa de género rellenando todas las casillas azules claras Instrucciones: 1) Dé un nombre a su iniciativa. A continuación, elija el tipo y el ámbito de intervención en la selección desplegable. 2) Describa la brecha que está intentando cerrar y su objetivo. 3) Revise las actividades necesarias para implementar su intervención y, para cada una de ellas, agregue comentarios, el cronograma y los recursos internos necesarios. 4) Consulte los KPI relevantes para su tipo y área de intervención. Si considera que otros KPI serían más pertinentes para su intervención, puede modificar la selección escribiendo "Sí" o "No" en la columna P. 5) Complete cada KPI pertinente con su metodología de medición, línea de base, objetivo y calendario. Encontrará un objetivo de referencia en la columna T. 6) Informe del progreso de su iniciativa en las columnas Y a AK. Nota: La palabra "mujeres" se utiliza para designar a las personas que se identifican como mujeres, y la palabra "hombres" para designar a las personas que se identifican como hombres.
N4: Nombre de la organización
N5: Fecha
N7: Nombre de la iniciativa 1 | O7: Busque un nombre corto y bonito que resuma lo que quiere conseguir con esta iniciativa | Y7: Informe intermedio | AF7: Informe final
N9: Tipo de intervención | O9: Seleccione el objeto de su intervención en la lista desplegable | Y9: Fecha del informe | AF9: Fecha del informe
N10: Área de intervención | O10: Seleccione el área de intervención en la lista desplegable (nota: si no ve ninguna opción en la lista desplegable, seleccione primero un tipo de intervención) | Y10: Actualización cualitativa | Z10: Presente un breve resumen de los avances, éxitos y retos encontrados durante la ejecución de la iniciativa | AF10: Actualización cualitativa | AG10: Presente un breve resumen de los avances, éxitos y retos encontrados durante la ejecución de la iniciativa
N11: Brecha | O11: Describa y explique detalladamente qué brecha (de género) pretende resolver con su iniciativa. Sitúelo en el contexto de su organización. Mencione también por qué es una brecha importante para su organización, cómo le afecta y cuáles son sus causas probables. La descripción de la brecha debe ser tangible, así que no olvide incluir cifras | Y11: Impacto en la organización | Z11: Describa brevemente la trayectoria de la organización en su viaje hacia la integración de la perspectiva de género (p. ej., qué aprendieron, qué más quieren hacer, qué importancia ha adquirido para ellos la perspectiva de género, etc.), si procede. Aquí queremos entender si la aplicación de la iniciativa ha cambiado algo para el equipo más allá de los KPI medidos para la iniciativa - en términos de mentalidad, cultura, enfoque, prioridades, etc. | AF11: Impacto en la organización | AG11: Describa brevemente la trayectoria de la organización en su viaje hacia la integración de la perspectiva de género (p. ej., qué aprendieron, qué más quieren hacer, qué importancia ha adquirido para ellos la perspectiva de género, etc.), si procede. Aquí queremos entender si la aplicación de la iniciativa ha cambiado algo para el equipo más allá de los KPI medidos para la iniciativa - en términos de mentalidad, cultura, enfoque, prioridades, etc.
N12: Objetivo | O12: Describa lo que quiere conseguir, cuál es el resultado previsto y el impacto de su iniciativa, ya sea interno o externo | Y12: Impacto en el contexto de destino | Z12: Describa brevemente (cualitativa y, si es posible, cuantitativamente) el impacto que las actividades y la intervención realizadas han tenido en la situación de la igualdad de género en el contexto de destino, si lo ha habido. Aquí queremos captar el impacto real que ha tenido la iniciativa en los usuarios finales/ clientes/ proveedores/ socios | AF12: Impacto en el contexto de destino | AG12: Describa brevemente (cualitativa y, si es posible, cuantitativamente) el impacto que las actividades y la intervención realizadas han tenido en la situación de la igualdad de género en el contexto de destino, si lo ha habido. Aquí queremos captar el impacto real que ha tenido la iniciativa en los usuarios finales/ clientes/ proveedores/ socios
N14: Actividad planeada | O14: Comentario sobre la actividad | P14: Calendario previsto (inicio - fin) | Q14: Recursos internos previstos necesarios para la actividad | R14: Entrega de TA | Y14: Actividad actual | Z14: Calendario real (inicio - fin) | AA14: Gastos externos reales | AB14: Comentarios sobre actividades | AC14: Comentarios sobre calendario | AD14: Comentarios sobre gastos | AF14: Actividad actual | AG14: Calendario real (inicio - fin) | AH14: Gastos externos reales | AI14: Comentarios sobre actividades | AJ14: Comentarios sobre calendario | AK14: Comentarios sobre gastos
N15: A continuación se muestra una lista de las actividades necesarias para implementar la intervención propuesta. Estas actividades, que van de 3 a 5 en total, describen los pasos necesarios para una implementación exitosa. El proceso comienza con una evaluación inicial para comprender las causas fundamentales del problema y, si es necesario, recopilar datos de referencia que puedan faltar. El paso final del plan de acción suele implicar un proceso de recopilación de datos y la presentación de informes sobre los resultados de la iniciativa | O15: Si es necesario, añada cualquier comentario sobre la actividad a la izquierda para aclarar detalles importantes o señalar cualquier diferencia con respecto a la actividad sugerida | P15: Escriba el inicio MM/AA y el final MM/AA | Q15: Los recursos internos se refieren a los recursos que su organización tiene en la empresa, como el tiempo y la experiencia de los empleados. Para cada recurso, proporcione una estimación del número de días que el equipo correspondiente necesita para completar sus tareas. No es necesario estimar los costes en esta fase | R15: Esta columna especifica el tipo de entregable de AT (Asistencia Técnica) que deberá proporcionar el/la consultor/a/experto/a externo/a en género para demostrar la realización de la actividad | AB15: Explique cualquier desviación del plan de trabajo en términos de actividades (enfoque diferente, actividades nuevas/suprimidas, etc.) | AC15: Explique cualquier desviación del calendario previsto. En caso de retrasos, explique el motivo y aclare el impacto en actividades futuras (p. ej., todo el calendario se desplaza X meses, o se recuperará el retraso, etc.) | AD15: Explique cualquier desviación del presupuesto | AI15: Explique cualquier desviación del plan de trabajo en términos de actividades (enfoque diferente, actividades nuevas/suprimidas, etc.) | AJ15: Explique cualquier desviación del calendario previsto. En caso de retrasos, explique el motivo y aclare el impacto en actividades futuras (p. ej., todo el calendario se desplaza X meses, o se recuperará el retraso, etc.) | AK15: Explique cualquier desviación del presupuesto
N16: ='Lista de iniciativas de género'!I1 | R16: ='Lista de iniciativas de género'!K1
N17: ='Lista de iniciativas de género'!I2 | R17: ='Lista de iniciativas de género'!K2
N18: ='Lista de iniciativas de género'!I3 | R18: ='Lista de iniciativas de género'!K3
N19: ='Lista de iniciativas de género'!I4 | R19: ='Lista de iniciativas de género'!K4
N20: ='Lista de iniciativas de género'!I5 | R20: ='Lista de iniciativas de género'!K5
N22: KPI (Indicador clave de rendimiento) | O22: Tipo de KPI | P22: ¿Relevante para su intervención? | Q22: Metodología de medición | R22: Punto de partida | S22: Objetivo | T22: Parámetro de referencia | U22: Plazo previsto | V22: Comentarios | W22: Evidencia | Y22: Resultados actuales | Z22: Comentarios | AA22: % de cambio con respecto al punto de partida | AF22: Resultados actuales | AG22: Comentarios | AH22: % de cambio con respecto al punto de partida
P23: La herramienta sugerirá automáticamente los KPI pertinentes en función del tipo y el ámbito de intervención que haya seleccionado anteriormente, pero también puede añadir o eliminar manualmente KPI en función de su intervención específica | Q23: Aclare cómo medirá este KPI. ¿Dispone ya de datos o necesita recopilarlos (p. ej., mediante una encuesta/revisión)? | R23: Introduzca el valor actual de este KPI. Aclare la unidad y la cantidad. Si no dispone de esta información, escriba TBD por ahora y asegúrese de que la primera actividad de su plan de actividades consista en obtener el punto de partida del KPI. Recuerde actualizarlo una vez que haya medido el punto de partida | S23: ¿Qué valor quiere alcanzar para este KPI? La meta es un objetivo por el que debe trabajar. Puede que le lleve más o menos tiempo alcanzarlo. Ponga uno ambicioso pero realista | T23: Estos valores se basan en la mejora media obtenida por las empresas sociales. Puede utilizarlos como orientación a la hora de establecer su % de mejora objetivo. Si aparece «NA», significa que no se dispone de un valor de referencia para este KPI | U23: ¿Para cuándo tiene previsto alcanzar ese objetivo, en MM/AA? | V23: Añada cualquier información sobre lo que va a medir específicamente, especialmente si se requiere una encuesta, un examen o entrevistas | W23: Esta columna indica qué tipo de pruebas o documentación debe aportarse para demostrar la consecución del KPI
S24: Si aún no conoce el punto de partida, introduzca por ahora el % de mejora previsto y, cuando tenga el punto de partida, actualícelo con el valor final real previsto | T24: Nota: por favor, no modifique los valores de esta columna
C25: Contratación equilibrada entre hombres y mujeres | D25: Promoción y retención equilibradas entre hombres y mujeres | E25: Políticas y prácticas de RRHH con perspectiva de género | F25: Diversidad en el Consejo de administración | G25: Diseño de productos y estudios de mercado con perspectiva de género | H25: Marketing y comunicación con perspectiva de género | I25: Diversidad en los equipos de distribución y ventas | J25: Atención al cliente con perspectiva de género | K25: Selección de proveedores/as estratégicos/as con perspectiva de género | L25: Formación de los/as proveedores/as estratégicos/as con perspectiva de género | N25: Métricas estandarizadas
C26: Contratación equilibrada entre hombres y mujeres | D26: Promoción y retención equilibradas entre hombres y mujeres | E26: Políticas y prácticas de RRHH con perspectiva de género | I26: Diversidad en los equipos de distribución y ventas | N26: Proporción de mujeres en la plantilla de su organización (%) | O26: Rendimiento empresarial | P26: =IF(OR(C26=$P$10,D26=$P$10,E26=$P$10,F26=$P$10,G26=$P$10,H26=$P$10,I26=$P$10,J26=$P$10,K26=$P$10,L26=$P$10),"Sí","No") -> Sí | T26: 0.42
C27: Contratación equilibrada entre hombres y mujeres | D27: Promoción y retención equilibradas entre hombres y mujeres | E27: Políticas y prácticas de RRHH con perspectiva de género | I27: Diversidad en los equipos de distribución y ventas | N27: Proporción de hombres en la plantilla de su organización (%) | O27: Rendimiento empresarial | P27: =IF(OR(C27=$P$10,D27=$P$10,E27=$P$10,F27=$P$10,G27=$P$10,H27=$P$10,I27=$P$10,J27=$P$10,K27=$P$10,L27=$P$10),"Sí","No") -> Sí | T27: NA
C28: Contratación equilibrada entre hombres y mujeres | D28: Promoción y retención equilibradas entre hombres y mujeres | N28: Proporción de mujeres en la dirección de su organización (%) | O28: Rendimiento empresarial | P28: =IF(OR(C28=$P$10,D28=$P$10,E28=$P$10,F28=$P$10,G28=$P$10,H28=$P$10,I28=$P$10,J28=$P$10,K28=$P$10,L28=$P$10),"Sí","No") -> Sí | T28: 0.38
C29: Contratación equilibrada entre hombres y mujeres | D29: Promoción y retención equilibradas entre hombres y mujeres | N29: Proporción de hombres en la dirección de su organización (%) | O29: Rendimiento empresarial | P29: =IF(OR(C29=$P$10,D29=$P$10,E29=$P$10,F29=$P$10,G29=$P$10,H29=$P$10,I29=$P$10,J29=$P$10,K29=$P$10,L29=$P$10),"Sí","No") -> Sí | T29: NA
D30: Promoción y retención equilibradas entre hombres y mujeres | N30: Tasa de rotación de personal desglosada por género en su organización (número de mujeres u hombres que abandonan la organización durante el año / número de mujeres u hombres empleados/as al comienzo del año) | O30: Rendimiento empresarial | P30: =IF(OR(C30=$P$10,D30=$P$10,E30=$P$10,F30=$P$10,G30=$P$10,H30=$P$10,I30=$P$10,J30=$P$10,K30=$P$10,L30=$P$10),"Sí","No") -> Sí | T30: NA
D31: Promoción y retención equilibradas entre hombres y mujeres | N31: Tasa de rotación de directivos/as (mujeres y hombres) en su organización (número de mujeres u hombres directivos que abandonan la organización durante el año / número de mujeres u hombres directivos al comienzo de ese año) | O31: Rendimiento empresarial | P31: =IF(OR(C31=$P$10,D31=$P$10,E31=$P$10,F31=$P$10,G31=$P$10,H31=$P$10,I31=$P$10,J31=$P$10,K31=$P$10,L31=$P$10),"Sí","No") -> Sí | T31: NA
C32: Contratación equilibrada entre hombres y mujeres | D32: Promoción y retención equilibradas entre hombres y mujeres | E32: Políticas y prácticas de RRHH con perspectiva de género | G32: Diseño de productos y estudios de mercado con perspectiva de género | I32: Diversidad en los equipos de distribución y ventas | N32: Proporción de personal (muy) satisfecho con el trabajo en su organización (%) | O32: Impacto social | P32: =IF(OR(C32=$P$10,D32=$P$10,E32=$P$10,F32=$P$10,G32=$P$10,H32=$P$10,I32=$P$10,J32=$P$10,K32=$P$10,L32=$P$10),"Sí","No") -> Sí | T32: 0.82
C33: Contratación equilibrada entre hombres y mujeres | D33: Promoción y retención equilibradas entre hombres y mujeres | G33: Diseño de productos y estudios de mercado con perspectiva de género | H33: Marketing y comunicación con perspectiva de género | I33: Diversidad en los equipos de distribución y ventas | J33: Atención al cliente con perspectiva de género | L33: Formación de los/as proveedores/as estratégicos/as con perspectiva de género | N33: Proporción del personal de su organización formado en la integración de la perspectiva de género (%) | O33: Impacto social | P33: =IF(OR(C33=$P$10,D33=$P$10,E33=$P$10,F33=$P$10,G33=$P$10,H33=$P$10,I33=$P$10,J33=$P$10,K33=$P$10,L33=$P$10),"Sí","No") -> Sí | T33: 0.59
F34: Diversidad en el Consejo de administración | N34: Proporción de mujeres en el Consejo de Administración de su organización (%) | O34: Rendimiento empresarial | P34: =IF(OR(C34=$P$10,D34=$P$10,E34=$P$10,F34=$P$10,G34=$P$10,H34=$P$10,I34=$P$10,J34=$P$10,K34=$P$10,L34=$P$10),"Sí","No") -> Sí | T34: NA
F35: Diversidad en el Consejo de administración | N35: Proporción de hombres en el Consejo de Administración de su organización (%) | O35: Rendimiento empresarial | P35: =IF(OR(C35=$P$10,D35=$P$10,E35=$P$10,F35=$P$10,G35=$P$10,H35=$P$10,I35=$P$10,J35=$P$10,K35=$P$10,L35=$P$10),"Sí","No") -> Sí | T35: NA
F36: Diversidad en el Consejo de administración | N36: Proporción de miembros del Consejo de Administración de su organización (muy) satisfechos con el funcionamiento y la eficacia del Consejo (%) | O36: Impacto social | P36: =IF(OR(C36=$P$10,D36=$P$10,E36=$P$10,F36=$P$10,G36=$P$10,H36=$P$10,I36=$P$10,J36=$P$10,K36=$P$10,L36=$P$10),"Sí","No") -> Sí | T36: 1
C37: Contratación equilibrada entre hombres y mujeres | F37: Diversidad en el Consejo de administración | G37: Diseño de productos y estudios de mercado con perspectiva de género | H37: Marketing y comunicación con perspectiva de género | I37: Diversidad en los equipos de distribución y ventas | J37: Atención al cliente con perspectiva de género | K37: Selección de proveedores/as estratégicos/as con perspectiva de género | L37: Formación de los/as proveedores/as estratégicos/as con perspectiva de género | N37: Tasa de crecimiento anual de los ingresos obtenidos por su organización ((ingresos obtenidos este año - ingresos obtenidos el año pasado) / ingresos obtenidos el año pasado) | O37: Rendimiento empresarial | P37: =IF(OR(C37=$P$10,D37=$P$10,E37=$P$10,F37=$P$10,G37=$P$10,H37=$P$10,I37=$P$10,J37=$P$10,K37=$P$10,L37=$P$10),"Sí","No") -> Sí | T37: 0.71
G38: Diseño de productos y estudios de mercado con perspectiva de género | H38: Marketing y comunicación con perspectiva de género | I38: Diversidad en los equipos de distribución y ventas | L38: Formación de los/as proveedores/as estratégicos/as con perspectiva de género | N38: Incremento porcentual anual del número de usuarios/as finales o beneficiarios/as atendidos/as por su organización ((nº de usuarios/as finales o beneficiarios/as de este año - nº de usuarios/as finales o beneficiarios/as del año pasado) / nº de usuarios finales o beneficiarios/as del año pasado) | O38: Rendimiento empresarial | P38: =IF(OR(C38=$P$10,D38=$P$10,E38=$P$10,F38=$P$10,G38=$P$10,H38=$P$10,I38=$P$10,J38=$P$10,K38=$P$10,L38=$P$10),"Sí","No") -> Sí | T38: 0.81
G39: Diseño de productos y estudios de mercado con perspectiva de género | H39: Marketing y comunicación con perspectiva de género | I39: Diversidad en los equipos de distribución y ventas | L39: Formación de los/as proveedores/as estratégicos/as con perspectiva de género | N39: Proporción de mujeres entre los/as clientes/usuarios/beneficiarios/as finales atendidos/as por su organización (%) | O39: Rendimiento empresarial | P39: =IF(OR(C39=$P$10,D39=$P$10,E39=$P$10,F39=$P$10,G39=$P$10,H39=$P$10,I39=$P$10,J39=$P$10,K39=$P$10,L39=$P$10),"Sí","No") -> Sí | T39: 0.4
G40: Diseño de productos y estudios de mercado con perspectiva de género | H40: Marketing y comunicación con perspectiva de género | I40: Diversidad en los equipos de distribución y ventas | L40: Formación de los/as proveedores/as estratégicos/as con perspectiva de género | N40: Proporción de hombres entre los/as clientes/usuarios/beneficiarios/as finales atendidos/as por su organización (%) | O40: Rendimiento empresarial | P40: =IF(OR(C40=$P$10,D40=$P$10,E40=$P$10,F40=$P$10,G40=$P$10,H40=$P$10,I40=$P$10,J40=$P$10,K40=$P$10,L40=$P$10),"Sí","No") -> Sí | T40: NA
G41: Diseño de productos y estudios de mercado con perspectiva de género | J41: Atención al cliente con perspectiva de género | L41: Formación de los/as proveedores/as estratégicos/as con perspectiva de género | N41: Proporción de clientes/usuarios/beneficiarios/as finales (muy) satisfechos/as con el producto/servicio de su organización (%) | O41: Impacto social | P41: =IF(OR(C41=$P$10,D41=$P$10,E41=$P$10,F41=$P$10,G41=$P$10,H41=$P$10,I41=$P$10,J41=$P$10,K41=$P$10,L41=$P$10),"Sí","No") -> Sí | T41: 0.81
G42: Diseño de productos y estudios de mercado con perspectiva de género | H42: Marketing y comunicación con perspectiva de género | J42: Atención al cliente con perspectiva de género | L42: Formación de los/as proveedores/as estratégicos/as con perspectiva de género | N42: Proporción de mujeres clientas/usuarias/beneficiarias finales de su organización que se sienten (muy) empoderadas por su producto/servicio (%) | O42: Impacto social | P42: =IF(OR(C42=$P$10,D42=$P$10,E42=$P$10,F42=$P$10,G42=$P$10,H42=$P$10,I42=$P$10,J42=$P$10,K42=$P$10,L42=$P$10),"Sí","No") -> Sí | T42: 0.62
G43: Diseño de productos y estudios de mercado con perspectiva de género | H43: Marketing y comunicación con perspectiva de género | L43: Formación de los/as proveedores/as estratégicos/as con perspectiva de género | N43: Proporción de hombres clientes/usuarios/beneficiarios finales de su organización que se sienten (muy) empoderados por su producto/servicio (%) | O43: Impacto social | P43: =IF(OR(C43=$P$10,D43=$P$10,E43=$P$10,F43=$P$10,G43=$P$10,H43=$P$10,I43=$P$10,J43=$P$10,K43=$P$10,L43=$P$10),"Sí","No") -> Sí | T43: 0.62
K44: Selección de proveedores/as estratégicos/as con perspectiva de género | L44: Formación de los/as proveedores/as estratégicos/as con perspectiva de género | N44: Proporción de proveedores/as estratégicos/as de su organización que logran una mayor inclusión y diversidad de género en sus equipos, liderazgo o Consejos de Administración (%) | O44: Impacto social | P44: =IF(OR(C44=$P$10,D44=$P$10,E44=$P$10,F44=$P$10,G44=$P$10,H44=$P$10,I44=$P$10,J44=$P$10,K44=$P$10,L44=$P$10),"Sí","No") -> Sí | T44: 0.43
L45: Formación de los/as proveedores/as estratégicos/as con perspectiva de género | N45: Proporción de proveedores/as estratégicos/as de su organización formados/as para lograr mejor la inclusión de género y la diversidad (%) | O45: Impacto social | P45: =IF(OR(C45=$P$10,D45=$P$10,E45=$P$10,F45=$P$10,G45=$P$10,H45=$P$10,I45=$P$10,J45=$P$10,K45=$P$10,L45=$P$10),"Sí","No") -> Sí | T45: 0.31
K46: Selección de proveedores/as estratégicos/as con perspectiva de género | L46: Formación de los/as proveedores/as estratégicos/as con perspectiva de género | N46: Proporción de socios/as estratégicos/as de su organización que logran una mejor inclusión de género y diversidad entre su personal, liderazgo o juntas directivas (%) | O46: Impacto social | P46: =IF(OR(C46=$P$10,D46=$P$10,E46=$P$10,F46=$P$10,G46=$P$10,H46=$P$10,I46=$P$10,J46=$P$10,K46=$P$10,L46=$P$10),"Sí","No") -> Sí | T46: NA
L47: Formación de los/as proveedores/as estratégicos/as con perspectiva de género | N47: Proporción de socios/as estratégicos/as de su organización que logran una mayor inclusión y diversidad de género entre su personal, liderazgo o Consejos de Administración (%) | O47: Impacto social | P47: =IF(OR(C47=$P$10,D47=$P$10,E47=$P$10,F47=$P$10,G47=$P$10,H47=$P$10,I47=$P$10,J47=$P$10,K47=$P$10,L47=$P$10),"Sí","No") -> Sí | T47: NA
D48: Promoción y retención equilibradas entre hombres y mujeres | G48: Diseño de productos y estudios de mercado con perspectiva de género | K48: Selección de proveedores/as estratégicos/as con perspectiva de género | N48: Importe de la inversión/financiación anual total obtenida por su organización (en USD) | O48: Rendimiento empresarial | P48: =IF(OR(C48=$P$10,D48=$P$10,E48=$P$10,F48=$P$10,G48=$P$10,H48=$P$10,I48=$P$10,J48=$P$10,K48=$P$10,L48=$P$10),"Sí","No") -> Sí | T48: NA
D49: Promoción y retención equilibradas entre hombres y mujeres | G49: Diseño de productos y estudios de mercado con perspectiva de género | K49: Selección de proveedores/as estratégicos/as con perspectiva de género | N49: Importe de la inversión/financiación anual obtenida por su organización gracias a/por su trabajo de género/posicionamiento inclusivo de género (en USD) | O49: Rendimiento empresarial | P49: =IF(OR(C49=$P$10,D49=$P$10,E49=$P$10,F49=$P$10,G49=$P$10,H49=$P$10,I49=$P$10,J49=$P$10,K49=$P$10,L49=$P$10),"Sí","No") -> Sí | T49: NA
B50: =IF(OR(C50=$P$10,D50=$P$10,E50=$P$10,F50=$P$10,G50=$P$10,H50=$P$10,I50=$P$10,J50=$P$10,K50=$P$10,L50=$P$10),"Yes","No") -> Yes | N50: Métricas no estandarizadas (métricas menos estandarizadas para las que la metodología de medición podría adaptarse caso por caso)
C51: Contratación equilibrada entre hombres y mujeres | D51: Promoción y retención equilibradas entre hombres y mujeres | E51: Políticas y prácticas de RRHH con perspectiva de género | G51: Diseño de productos y estudios de mercado con perspectiva de género | I51: Diversidad en los equipos de distribución y ventas | N51: Nivel de productividad media alcanzado por el personal de su organización (en métricas de productividad específicas y predefinidas) | O51: Rendimiento empresarial | P51: =IF(OR(C51=$P$10,D51=$P$10,E51=$P$10,F51=$P$10,G51=$P$10,H51=$P$10,I51=$P$10,J51=$P$10,K51=$P$10,L51=$P$10),"Sí","No") -> Sí | T51: NA
E52: Políticas y prácticas de RRHH con perspectiva de género | N52: Calidad y cantidad de la participación/contribución de todo el personal durante las reuniones de personal y otros procesos estratégicos y de toma de decisiones de su organización (en métricas de calidad y cantidad específicas y predefinidas) | O52: Impacto social | P52: =IF(OR(C52=$P$10,D52=$P$10,E52=$P$10,F52=$P$10,G52=$P$10,H52=$P$10,I52=$P$10,J52=$P$10,K52=$P$10,L52=$P$10),"Sí","No") -> Sí | T52: NA
D53: Promoción y retención equilibradas entre hombres y mujeres | E53: Políticas y prácticas de RRHH con perspectiva de género | N53: Ratio de diferencia salarial entre hombres y mujeres en su organización ((retribución media por hora de los hombres - retribución media por hora de las mujeres) / retribución media por hora de los hombres*100) | O53: Impacto social | P53: =IF(OR(C53=$P$10,D53=$P$10,E53=$P$10,F53=$P$10,G53=$P$10,H53=$P$10,I53=$P$10,J53=$P$10,K53=$P$10,L53=$P$10),"Sí","No") -> Sí | T53: NA
E54: Políticas y prácticas de RRHH con perspectiva de género | N54: Proporción del personal de su organización que califica de (muy) bueno el equilibrio entre vida laboral y personal (%) | O54: Impacto social | P54: =IF(OR(C54=$P$10,D54=$P$10,E54=$P$10,F54=$P$10,G54=$P$10,H54=$P$10,I54=$P$10,J54=$P$10,K54=$P$10,L54=$P$10),"Sí","No") -> Sí | T54: NA
E55: Políticas y prácticas de RRHH con perspectiva de género | N55: Presencia de prácticas, políticas, cultura o incidentes no inclusivos o insensibles al género en su organización (número de prácticas, políticas, incidentes, etc.) | O55: Impacto social | P55: =IF(OR(C55=$P$10,D55=$P$10,E55=$P$10,F55=$P$10,G55=$P$10,H55=$P$10,I55=$P$10,J55=$P$10,K55=$P$10,L55=$P$10),"Sí","No") -> Sí | T55: NA
G56: Diseño de productos y estudios de mercado con perspectiva de género | N56: Desarrollo o mejora del servicio/producto de la organización para hacerlo más sensible al género e inclusivo (número de productos/servicios desarrollados o mejorados) | O56: Impacto social | P56: =IF(OR(C56=$P$10,D56=$P$10,E56=$P$10,F56=$P$10,G56=$P$10,H56=$P$10,I56=$P$10,J56=$P$10,K56=$P$10,L56=$P$10),"Sí","No") -> Sí | T56: NA
G57: Diseño de productos y estudios de mercado con perspectiva de género | N57: Lanzamiento de iniciativas de desarrollo empresarial en la organización para atender a nuevos segmentos de usuarios | O57: Impacto social | P57: =IF(OR(C57=$P$10,D57=$P$10,E57=$P$10,F57=$P$10,G57=$P$10,H57=$P$10,I57=$P$10,J57=$P$10,K57=$P$10,L57=$P$10),"Sí","No") -> Sí | T57: NA
G58: Diseño de productos y estudio de mercado con perspectiva de género | H58: Marketing y comunicación con perspectiva de género | I58: Diversidad en los equipos de distribución y ventas | N58: Coste medio de adquisición de clientes/usuarios/beneficiarios/as finales para su organización (coste de las actividades de ventas y marketing / número total de clientes/as adquiridos/as durante el periodo en que se llevaron a cabo dichas actividades) (USD) | O58: Rendimiento empresarial | P58: =IF(OR(C58=$P$10,D58=$P$10,E58=$P$10,F58=$P$10,G58=$P$10,H58=$P$10,I58=$P$10,J58=$P$10,K58=$P$10,L58=$P$10),"Sí","No") -> Sí | T58: NA
H59: Marketing y comunicación con perspectiva de género | N59: Eficacia de las herramientas/actividades de comunicación de su organización dirigidas a los clientes/ usuarios/ beneficiarios/as finales | O59: Rendimiento empresarial | P59: =IF(OR(C59=$P$10,D59=$P$10,E59=$P$10,F59=$P$10,G59=$P$10,H59=$P$10,I59=$P$10,J59=$P$10,K59=$P$10,L59=$P$10),"Sí","No") -> Sí | T59: NA
H60: Marketing y comunicación con perspectiva de género | N60: Puesta en marcha de actividades de promoción, comercialización y/o distribución dirigidas a clientes/usuarios/beneficiarios/as finales realizadas de una manera más sensible al género e inclusiva (número de actividades) | O60: Impacto social | P60: =IF(OR(C60=$P$10,D60=$P$10,E60=$P$10,F60=$P$10,G60=$P$10,H60=$P$10,I60=$P$10,J60=$P$10,K60=$P$10,L60=$P$10),"Sí","No") -> Sí | T60: NA
G61: Diseño de productos y estudios de mercado con perspectiva de género | J61: Atención al cliente con perspectiva de género | N61: Tasa media anual de rotación de usuarios/as finales o beneficiarios/as de su organización (número de usuarios/as finales o beneficiarios/as perdidos durante el año / número de usuarios/as finales o beneficiarios/as al comienzo de ese año) | O61: Rendimiento empresarial | P61: =IF(OR(C61=$P$10,D61=$P$10,E61=$P$10,F61=$P$10,G61=$P$10,H61=$P$10,I61=$P$10,J61=$P$10,K61=$P$10,L61=$P$10),"Sí","No") -> Sí | T61: NA
I62: Diversidad en los equipos de distribución y ventas | N62: Número de quejas o problemas presentados al servicio de atención al cliente de la organización | O62: Rendimiento empresarial | P62: =IF(OR(C62=$P$10,D62=$P$10,E62=$P$10,F62=$P$10,G62=$P$10,H62=$P$10,I62=$P$10,J62=$P$10,K62=$P$10,L62=$P$10),"Sí","No") -> Sí | T62: NA
K63: Selección de proveedores/as estratégicos/as con perspectiva de género | L63: Formación de los/as proveedores/as estratégicos/as con perspectiva de género | N63: Nivel medio de producción/productividad de los proveedores/as estratégicos/as, como resultado de la aplicación de políticas de inclusión de género (en métricas específicas y predefinidas de producción/productividad) | O63: Rendimiento empresarial | P63: =IF(OR(C63=$P$10,D63=$P$10,E63=$P$10,F63=$P$10,G63=$P$10,H63=$P$10,I63=$P$10,J63=$P$10,K63=$P$10,L63=$P$10),"Sí","No") -> Sí | T63: NA
K64: Selección de proveedores/as estratégicos/as con perspectiva de género | L64: Formación de los/as proveedores/as estratégicos/as con perspectiva de género | N64: Nivel medio de producción/productividad de los/as socios/as como resultado de la aplicación de políticas inclusivas en materia de género (en métricas específicas y predefinidas de producción/productividad) | O64: Rendimiento empresarial | P64: =IF(OR(C64=$P$10,D64=$P$10,E64=$P$10,F64=$P$10,G64=$P$10,H64=$P$10,I64=$P$10,J64=$P$10,K64=$P$10,L64=$P$10),"Sí","No") -> Sí | T64: NA
N65: Influencia para que la legislación, las políticas públicas y la normativa tengan más en cuenta el género y sean más inclusivas | O65: Impacto social | P65: =IF(OR(C65=$P$10,D65=$P$10,E65=$P$10,F65=$P$10,G65=$P$10,H65=$P$10,I65=$P$10,J65=$P$10,K65=$P$10,L65=$P$10),"Sí","No") -> Sí | T65: NA

Sheet Idea prioritization list
D1: Alto | E1: 3
A2: 1. Contratación equilibrada entre géneros | D2: Medio | E2: 2
A3: 2. Promoción y retención equilibradas entre géneros | D3: Bajo | E3: 1
A4: 3. Políticas y prácticas de RRHH con perspectiva de género
A5: 4. Diversidad en el Consejo de administración
A6: 5. Diseño de productos y estudios de mercado con perspectiva de género
A7: 6. Marketing y comunicación con perspectiva de género
A8: 7. Diversidad en los equipos de distribución y ventas
A9: 8. Atención al cliente con perspectiva de género
A10: 9. Selección de proveedores/as estratégicos/as con perspectiva de género
A11: 10. Formación de los proveedores/as estratégicos/as con perspectiva de género
A12: Total
A14: Sección 1: Contratación equilibrada entre géneros
A15: Sección 2: Promoción y retención equilibradas entre géneros
A16: Sección 3: Políticas y prácticas de RRHH con perspectiva de género
... A24: Total

Sheet Lista de iniciativas de género
A1: TIPO DE INTERVENCIÓN | B1: Diversidad del personal y del liderazgo | F1: Iniciativa 1 | G1: =IF('M3 - Plantilla de iniciativa'!$P$9=$B$1,B5,IF('M3 - Plantilla de iniciativa'!$P$9=$B$2,B10,IF('M3 - Plantilla de iniciativa'!$P$9=$B$3,B15,""))) | H1: Actividades | I1: {=IFERROR(INDEX(_xlfn._xlws.FILTER(B24:K28,B23:K23='M3 - Plantilla de iniciativa'!P10),ROW(A1:A5)),"")} | J1: Entrega de TA | K1: {=IFERROR(INDEX(_xlfn._xlws.FILTER(B34:K38,B33:K33='M3 - Plantilla de iniciativa'!P10),ROW(A1:A5)),"")}
B2: Producto o servicio con perspectiva de género | G2: =IF('M3 - Plantilla de iniciativa'!$P$9=$B$1,B6,IF('M3 - Plantilla de iniciativa'!$P$9=$B$2,B11,IF('M3 - Plantilla de iniciativa'!$P$9=$B$3,B16,"")))
B3: Diversidad y equidad en la cadena de suministro | G3: =IF('M3 - Plantilla de iniciativa'!$P$9=$B$1,B7,IF('M3 - Plantilla de iniciativa'!$P$9=$B$2,B12,IF('M3 - Plantilla de iniciativa'!$P$9=$B$3,B17,"")))
G4: =IF('M3 - Plantilla de iniciativa'!$P$9=$B$1,B8,IF('M3 - Plantilla de iniciativa'!$P$9=$B$2,B13,IF('M3 - Plantilla de iniciativa'!$P$9=$B$3,B18,"")))
A5: ÁREA DE INTERVENCIÓN | B5: Contratación equilibrada entre hombres y mujeres | G5: =IF('M3 - Plantilla de iniciativa'!$P$9=$B$1,B9,IF('M3 - Plantilla de iniciativa'!$P$9=$B$2,B14,IF('M3 - Plantilla de iniciativa'!$P$9=$B$3,B19,"")))
B6: Promoción y retención equilibradas entre hombres y mujeres
B7: Políticas y prácticas de RRHH con perspectiva de género
B8: Diversidad en el Consejo de administración
B10: Diseño de productos y estudios de mercado con perspectiva de género
B11: Marketing y comunicación con perspectiva de género
B12: Diversidad en los equipos de distribución y ventas
B13: Atención al cliente con perspectiva de género
B15: Selección de proveedores/as estratégicos/as con perspectiva de género
B16: Formación de los/as proveedores/as estratégicos/as con perspectiva de género
B20: Sí
B21: No
A23: Actividades | B23: Contratación equilibrada entre hombres y mujeres | C23: Promoción y retención equilibradas entre hombres y mujeres | D23: Políticas y prácticas de RRHH con perspectiva de género | E23: Diversidad en el Consejo de administración | F23: Diseño de productos y estudios de mercado con perspectiva de género | G23: Marketing y comunicación con perspectiva de género | H23: Diversidad en los equipos de distribución y ventas | I23: Atención al cliente con perspectiva de género | J23: Selección de proveedores/as estratégicos/as con perspectiva de género | K23: Formación de los/as proveedores/as estratégicos/as con perspectiva de género
B24: Diagnóstico de los procesos y políticas de contratación de la organización. | C24: Diagnóstico de los procesos y políticas de promoción y retención de la organización. | D24: Diagnóstico de las brechas en las políticas y prácticas de RR. HH. de la organización. | E24: Diagnóstico de la Junta Directiva de la organización | F24: Diagnóstico del enfoque/los procesos de diseño de productos y de investigación de mercado de la organización. | G24: Diagnóstico de las prácticas de marketing y comunicación de la organización. | H24: Diagnóstico de la diversidad del equipo de distribución y ventas de la organización. | I24: Diagnóstico de las prácticas de servicio al cliente de la organización. | J24: Diagnóstico de la selección de proveedores/as de la organización. | K24: Diagnóstico de los esfuerzos de formación de proveedores/as de la organización (o aspiraciones/requisitos en caso de que aún no existan)
B25: Organización de un taller de sensibilización de género para el equipo de contratación y los directivos/as, centrado en prácticas de contratación inclusivas. | C25: Impartición de un taller de sensibilización de género para el personal y la dirección, centrado en prácticas inclusivas de promoción y retención. | D25: Facilitación de un proceso de colaboración para revisar y explorar las deficiencias identificadas en las políticas y prácticas de RR. HH. | E25: Desarrollo/mejora de directrices claras/plan de acción para crear un consejo de administración diverso e inclusivo, con objetivos medibles y procesos transparentes para la contratación, la incorporación y la evaluación. | F25: Desarrollo/mejora de un marco claro, un proceso estructurado y directrices. | G25: Desarrollo de directrices detalladas que incluyan la perspectiva de género, que describan políticas y procesos estructurados. | H25: Desarrollo de recomendaciones para que las estrategias de ventas sean más inclusivas en cuanto al género y eficaces para clientes de todos los géneros. | I25: Desarrollo de directrices detalladas de servicio al cliente con perspectiva de género, que describan las mejoras y los procesos necesarios. | J25: Desarrollo de directrices detalladas que incluyan la perspectiva de género, que describan políticas y procesos estructurados. | K25: Revisión o desarrollo de materiales de formación adecuados para cada género para los/as proveedores/as.
B26: Desarrollo de directrices inclusivas en materia de género que describan políticas y procesos estructurados. | C26: Desarrollo de directrices inclusivas en materia de género que describan políticas y procesos estructurados. | D26: Desarrollo, formalización y/o revisión de políticas sensibles al género, ya sea creando nuevas o fortaleciendo las existentes, asegurando que estos documentos definan claramente los objetivos y procesos. | E26: Provisión de observación estructurada y retroalimentación durante una reunión de junta en vivo, evaluando la dinámica de interacción, la inclusión y el equilibrio de género. | F26: Entrega de 3 informes trimestrales a LeFil sobre el progreso de la empresa, utilizando la plantilla del MoU, que incluye una actualización de los datos cualitativos y cuantitativos sobre las actividades, el calendario y las métricas. | G26: Proporcionar formación práctica al equipo de marketing y comunicación sobre la aplicación de prácticas inclusivas en materia de género. | H26: Desarrollo de directrices de organización/gestión de equipos sensibles al género, especialmente en relación con el trabajo a distancia y los viajes. | I26: Organización de un taller interactivo para presentar las directrices anteriores a todos los miembros del equipo de atención al cliente y a la dirección. | J26: Organización de un taller de sensibilización de género para familiarizar al equipo con las prácticas de selección de proveedores/as inclusivas. | K26: Organización de un taller interactivo para presentar el material de formación y las directrices anteriores al personal y a los/as directivos/as pertinentes, garantizando una amplia concienciación y alineación.
B27: Organización de un taller interactivo para presentar las directrices anteriores a todos los miembros de la organización, garantizando una amplia concienciación y alineación. | C27: Organización de un taller interactivo para presentar las directrices anteriores a todos los miembros de la organización, garantizando una amplia concienciación y alineación. | D27: Establecimiento de procesos claros y asignación de responsabilidades para garantizar la aplicación de todas las políticas sensibles al género, junto con un sistema de supervisión interna. | E27: Entrega de 3 informes trimestrales a LeFil sobre el progreso de la empresa, utilizando la plantilla del MoU, que incluye una actualización de los datos cualitativos y cuantitativos sobre las actividades, el calendario y las métricas. | G27: Entrega de 3 informes trimestrales a LeFil sobre el progreso de la empresa, utilizando la plantilla del MoU, que incluye una actualización de los datos cualitativos y cuantitativos sobre las actividades, el calendario y las métricas. | H27: Desarrollo de un marco de rendimiento de ventas desglosado por género, que incluye un seguimiento estructurado, un análisis de los factores de éxito, el establecimiento de objetivos y estrategias de remuneración y oportunidades de crecimiento. | I27: Entrega de 3 informes trimestrales a LeFil sobre el progreso de la empresa, utilizando la plantilla del MoU, que incluye una actualización de los datos cualitativos y cuantitativos sobre las actividades, el calendario y las métricas. | J27: Entrega de 3 informes trimestrales a LeFil sobre el progreso de la empresa, utilizando la plantilla del MoU, que incluye una actualización de los datos cualitativos y cuantitativos sobre las actividades, el calendario y las métricas. | K27: Entrega de 3 informes trimestrales a LeFil sobre el progreso de la empresa, utilizando la plantilla del MoU, que incluye una actualización de los datos cualitativos y cuantitativos sobre las actividades, el calendario y las métricas.
B28: Entrega de 3 informes trimestrales a LeFil sobre el progreso de la empresa, utilizando la plantilla del MoU, que incluye una actualización de los datos cualitativos y cuantitativos sobre las actividades, el calendario y las métricas. | C28: Entrega de 3 informes trimestrales a LeFil sobre el progreso de la empresa, utilizando la plantilla del MoU, que incluye una actualización de los datos cualitativos y cuantitativos sobre las actividades, el calendario y las métricas. | D28: Entrega de 3 informes trimestrales a LeFil sobre el progreso de la empresa, utilizando la plantilla del MoU, que incluye una actualización de los datos cualitativos y cuantitativos sobre las actividades, el calendario y las métricas. | H28: Entrega de 3 informes trimestrales a LeFil sobre el progreso de la empresa, utilizando la plantilla del MoU, que incluye una actualización de los datos cualitativos y cuantitativos sobre las actividades, el calendario y las métricas.
A33: Entrega de TA | B33: Contratación equilibrada entre hombres y mujeres | C33: Promoción y retención equilibradas entre hombres y mujeres | D33: Políticas y prácticas de RRHH con perspectiva de género | E33: Diversidad en el Consejo de administración | F33: Diseño de productos y estudios de mercado con perspectiva de género | G33: Marketing y comunicación con perspectiva de género | H33: Diversidad en los equipos de distribución y ventas | I33: Atención al cliente con perspectiva de género | J33: Selección de proveedores/as estratégicos/as con perspectiva de género | K33: Formación de los/as proveedores/as estratégicos/as con perspectiva de género
B34: Resumen de diagnóstico (1-2 páginas que describen las prácticas actuales) | C34: Resumen de diagnóstico (1-2 páginas que describen las prácticas actuales) | D34: Resumen de diagnóstico (1-2 páginas que describen las prácticas actuales) | E34: Resumen de diagnóstico (1-2 páginas que describen las prácticas actuales) | F34: Resumen de diagnóstico (1-2 páginas que describen las prácticas actuales) | G34: Resumen de diagnóstico (1-2 páginas que describen las prácticas actuales) | H34: Resumen de diagnóstico (1-2 páginas que describen las prácticas actuales) | I34: Resumen de diagnóstico (1-2 páginas que describen las prácticas actuales) | J34: Resumen de diagnóstico (1-2 páginas que describen las prácticas actuales) | K34: Resumen de diagnóstico (1-2 páginas que describen las prácticas actuales)
B35: Material del taller (diapositivas, etc.) | C35: Material del taller (diapositivas, etc.) | D35: Resumen de diagnóstico revisado | E35: Directrices detalladas | F35: Directrices detalladas y aprobadas por el cliente | G35: Directrices detalladas y aprobadas por el cliente | H35: Recomendaciones detalladas y aprobadas por el cliente | I35: Directrices detalladas y aprobadas por el cliente | J35: Directrices detalladas y aprobadas por el cliente | K35: Material de formación y directrices (diapositivas, etc.)
B36: Directrices detalladas y aprobadas por el cliente | C36: Directrices detalladas y aprobadas por el cliente | D36: Políticas detalladas y aprobadas por el cliente | E36: Recomendaciones detalladas | F36: Plantilla de memorando de entendimiento actualizada | G36: Material del taller (diapositivas, etc.) | H36: Directrices detalladas y aprobadas por el cliente | I36: Material del taller (diapositivas, etc.) | J36: Material del taller (diapositivas, etc.) | K36: Material del taller (diapositivas, etc.)
B37: N/A | C37: N/A | D37: Descripción detallada del proceso de implementación | E37: Plantilla de memorando de entendimiento actualizada | G37: Plantilla de memorando de entendimiento actualizada | H37: Marco detallado y aprobado por el cliente | I37: Plantilla de memorando de entendimiento actualizada | J37: Plantilla de memorando de entendimiento actualizada | K37: Plantilla de memorando de entendimiento actualizada
B38: Plantilla de memorando de entendimiento actualizada | C38: Plantilla de memorando de entendimiento actualizada | D38: Plantilla de memorando de entendimiento actualizada | H38: Plantilla de memorando de entendimiento actualizada
